Workbook
Name f_autre: OFFSET(p_autre,0,0,COUNTA(l_autre),1)
Name f_bof: OFFSET(p_bof,0,0,COUNTA(l_bof),1)
Name f_boucherie: OFFSET(p_boucherie,0,0,COUNTA(l_boucherie),1)
Name f_economat: OFFSET(p_economat,0,0,COUNTA(l_economat),1)
Name f_légume: OFFSET(p_légume,0,0,COUNTA(l_légume),1)
Name f_poisson: OFFSET(p_poisson,0,0,COUNTA(l_poisson),1)
Name l_autre: Autres!$A:$A
Name l_bof: BOF!$A:$A
Name l_boucherie: Boucherie!$A:$A
Name l_economat: Economat!$A:$A
Name l_économat: Economat!$A:$A
Name l_légume: 'Fruits & Légumes'!$A:$A
Name l_poisson: Poisonnerie!$A:$A
Name p_autre: Autres!$A$2
Name p_bof: BOF!$A$2
Name p_boucherie: Boucherie!$A$2
Name p_economat: Economat!$A$2
Name p_légume: 'Fruits & Légumes'!$A$2
Name p_poisson: Poisonnerie!$A$2

Sheet Boucherie
A1: Viandes | B1: Fournisseur | C1: Quantité | D1: Prix piece | E1: Prix/gramme/cl/ | F1: P.U HT | G1: Prix total | H1: Unité
A2: 1/2 FX FILET | B2: PROMOCASH | E2: =F2/3000 -> 0.0053466667 | F2: 16.04 | G2: =C2*F2 -> 0 | H2: g
A3: 1/2 FX FILET VBF | B3: DS Restauration | E3: =F3/3000 -> 0.0053333333 | F3: 16 | G3: =C3*F3 -> 0 | H3: g
A4: 600G FD VEAU LIE PREMIUM CHEF | B4: BRAKE | G4: =C4*F4 -> 0
A5: ANDOUILLE DE BRETAGNE | B5: CROIX MARAND | E5: =F5/1000 -> 0.01255 | F5: 12.55 | G5: =C5*F5 -> 0 | H5: g
A6: Andouille de guemene | G6: =C6*F6 -> 0
A7: ASSORTIMENT MINI BROCHETTE | B7: CROIX MARAND | E7: =F7/1000 -> 0.0071 | F7: 7.1 | G7: =C7*F7 -> 0 | H7: g
A8: BOUDIN BLANC AUX TROMPETTES | B8: DS Restauration | E8: =F8/2000 -> 0.0038 | F8: 7.6 | G8: =C8*F8 -> 0 | H8: g
A9: Boudin noir | B9: DS Restauration | E9: =F9/500 -> 0.01066 | F9: 5.33 | G9: =C9*F9 -> 0 | H9: g
A10: CARRE DE PORC AVEC OS | B10: BRAKE | E10: =F10/1800 -> 0.005 | F10: 9 | G10: =C10*F10 -> 0 | H10: g
A11: CARRE DE PORC TRAD.BOUCHERE | B11: AUMAND | E11: =F11/2000 -> 0.003925 | F11: 7.85 | G11: =C11*F11 -> 0 | H11: g
A12: CHORIZO PORC TRANCHE | B12: PROMOCASH | E12: =F12/600 -> 0.033533333 | F12: 20.12 | G12: =C12*F12 -> 0 | H12: g
A13: CHORIZO TRANCHE | B13: BRAKE | E13: =F13/500 -> 0.01398 | F13: 6.99 | G13: =C13*F13 -> 0 | H13: g
A14: CHORIZZO CULAR | B14: DS Restauration | E14: =F14/7000 -> 0.0011442857 | F14: 8.01 | G14: =C14*F14 -> 0 | H14: g
A15: CHORIZZO CULAR TRANCHE | B15: DS Restauration | E15: =F15/320 -> 0.0434375 | F15: 13.9 | G15: =C15*F15 -> 0 | H15: g
A16: chorizzo fort | B16: BRAKE | E16: =F16/2700 -> 0.0034074074 | F16: 9.2 | G16: =C16*F16 -> 0 | H16: g
A17: CŒUR T.TRANCH | B17: DS Restauration | D17: =F17/2 -> 8.65 | F17: 17.3 | G17: =C17*F17 -> 0 | H17: piece
A18: Confit de canard | B18: BRAKE | D18: =F18/4 -> 1.3125 | F18: 5.25 | G18: =C18*F18 -> 0 | H18: piece
A19: CONFIT FOIE VOL ANCIEN TERRINE | B19: BRAKE | E19: =F19/6000 -> 0.0018316667 | F19: 10.99 | G19: =C19*F19 -> 0 | H19: g
A20: COTE DE BETTE | B20: CROIX MARAND | E20: =F20/1000 -> 0.0092 | F20: 9.2 | G20: =C20*F20 -> 0 | H20: g
A21: COTE DE VEAU VVF EPAISSE E320g | B21: BRAKE | F21: 37.94 | G21: =C21*F21 -> 0
A22: CUISSE CANETTE BARBARIE DEJ. | B22: DS Restauration | E22: =F22/500 -> 0.0154 | F22: 7.7 | G22: =C22*F22 -> 0 | H22: g
A23: CUISSE DE POULET DEJ JAUNE | B23: BRAKE | E23: =F23/5000 -> 0.00181 | F23: 9.05 | G23: =C23*F23 -> 0 | H23: g
A24: CUISSE DE POULET DEJ. | B24: DS Restauration | E24: =F24/700 -> 0.011828571 | F24: 8.28 | G24: =C24*F24 -> 0 | H24: g
A25: CUISSE DE POULET DEJOINTE | B25: BRAKE | D25: =F25/4 -> 1.7475 | F25: 6.99 | G25: =C25*F25 -> 0 | H25: piece
A26: DEMI ANDOUILLE DE GUEMENE | B26: BRAKE | E26: =F26/500 -> 0.0172 | F26: 8.6 | G26: =C26*F26 -> 0 | H26: g
A27: ECHINE DE PORC DESOSSEE | B27: AUMAND | D27: =F27/4 -> 2.5 | F27: 10 | G27: =C27*F27 -> 0 | H27: piece
A28: EFFILOCHE CANARD CONFIT | B28: PROMOCASH | E28: =F28/1000 -> 0.00568 | F28: 5.68 | G28: =C28*F28 -> 0 | H28: g
A29: EFFILOCHE CANARD CONFIT | B29: PROMOCASH | E29: =F29/1000 -> 0.00187 | F29: 1.87 | G29: =C29*F29 -> 0 | H29: g
A30: EMINCE BLANQUETTE DINDE | B30: PROMOCASH | E30: =F30/1000 -> 0.00952 | F30: 9.52 | G30: =C30*F30 -> 0 | H30: g
A31: EMINCE ROUGE CUISSE DINDE | B31: PROMOCASH | E31: =F31/1000 -> 0.00752 | F31: 7.52 | G31: =C31*F31 -> 0 | H31: g
A32: ESCALOPE FG | B32: CROIX MARAND | E32: =F32/1000 -> 0.0089 | F32: 8.9 | G32: =C32*F32 -> 0 | H32: g
A33: FAUX FILET RACE SIMMENTAL | B33: PROMOCASH | E33: =F33/1000 -> 0.00866 | F33: 8.66 | G33: =C33*F33 -> 0 | H33: g
A34: FAUX-FILETS | B34: DS Restauration | D34: =F34/3 -> 2.6 | F34: 7.8 | G34: =C34*F34 -> 0 | H34: piece
A35: Faux-filets race simmental | B35: BRAKE | E35: =F35/6000 -> 0.0019333333 | F35: 11.6 | G35: =C35*F35 -> 0 | H35: g
A36: FIL POULET | B36: BRAKE | D36: =F36/10 -> 0.55 | F36: 5.5 | G36: =C36*F36 -> 0 | H36: piece
A37: FILET BŒUF CHATEAUBRIAN | B37: DS Restauration | E37: =F37/1000 -> 0.005 | F37: 5 | G37: =C37*F37 -> 0 | H37: g
A38: FILET DE POULET | B38: DS Restauration | E38: =F38/60 -> 0.19166667 | F38: 11.5 | G38: =C38*F38 -> 0 | H38: g
A39: FILET MIGNON PORC | B39: BRAKE | E39: =F39/1500 -> 0.0046333333 | F39: 6.95 | G39: =C39*F39 -> 0 | H39: g
A40: FILET POULET | B40: PROMOCASH | E40: =F40/500 -> 0.00756 | F40: 3.78 | G40: =C40*F40 -> 0 | H40: g
A41: FILET POULET JAUNE | B41: BRAKE | E41: =F41/700 -> 0.0114 | F41: 7.98 | G41: =C41*F41 -> 0 | H41: g
A42: FOIE DE DINDE | B42: DS Restauration | D42: =F42/12 -> 0.5125 | F42: 6.15 | G42: =C42*F42 -> 0 | H42: piece
A43: FOIE DE POULET | B43: BRAKE | F43: 9.2 | G43: =C43*F43 -> 0
A44: Foie de volaille | B44: AUMAND | D44: =F44/50 -> 0.097 | F44: 4.85 | G44: =C44*F44 -> 0 | H44: piece
A45: Foie gras | B45: BRAKE | E45: =F45/500 -> 0.02172 | F45: 10.86 | G45: =C45*F45 -> 0 | H45: g
A46: FOIE POULET GASTRONOME | B46: BRAKE | E46: =F46/340 -> 0.032205882 | F46: 10.95 | G46: =C46*F46 -> 0 | H46: g
A47: FOND VEAU PREMIUM | B47: BRAKE | E47: =F47/100 -> 0.0728 | F47: 7.28 | G47: =C47*F47 -> 0 | H47: g
A48: HACHE TRAD P.BF 15%MG 700G | B48: BRAKE | F48: 2.8 | G48: =C48*F48 -> 0
A49: HAMPE COCHON | B49: BRAKE | D49: =F49/50 -> 0.2006 | F49: 10.03 | G49: =C49*F49 -> 0 | H49: piece
A50: JAMBON BLANC SUP | B50: PROMOCASH | E50: =F50/640 -> 0.034171875 | F50: 21.87 | G50: =C50*F50 -> 0 | H50: g
A51: JAMBON CRU TRANCHE ITALIEN | B51: BRAKE | E51: =F51/2250 -> 0.0051555556 | F51: 11.6 | G51: =C51*F51 -> 0 | H51: g
A52: Jambon serrano | B52: BRAKE | E52: =F52/3900 -> 0.0021794872 | F52: 8.5 | G52: =C52*F52 -> 0 | H52: g
A53: JAMBONETTE POULET CONFIT | B53: BRAKE | E53: =F53/2500 -> 0.0026 | F53: 6.5 | G53: =C53*F53 -> 0 | H53: g
A54: Lard paysans fumés aux épices | B54: AUMAND | E54: =F54/1400 -> 0.0053571429 | F54: 7.5 | G54: =C54*F54 -> 0 | H54: g
A55: LARDON FUM SUP | B55: PROMOCASH | E55: =F55/1000 -> 0.00462 | F55: 4.62 | G55: =C55*F55 -> 0 | H55: g
A56: LARDON SALE | B56: PROMOCASH | E56: =F56/500 -> 0.00736 | F56: 3.68 | G56: =C56*F56 -> 0 | H56: g
A57: LARDONS FUMES | B57: BRAKE | E57: =F57/2250 -> 0.0057733333 | F57: 12.99 | G57: =C57*F57 -> 0 | H57: g
A58: MAGRET CANARD FRAIS | B58: BRAKE | D58: =F58/20 -> 0.4525 | F58: 9.05 | G58: =C58*F58 -> 0 | H58: piece
A59: MAGRET CANARD FUMEE ENT | B59: CROIX MARAND | E59: =F59/1000 -> 0.00965 | F59: 9.65 | G59: =C59*F59 -> 0 | H59: g
A60: MAGRET CANARD FUMEE TRANCHE | B60: PROMOCASH | E60: =F60/500 -> 0.00758 | F60: 3.79 | G60: =C60*F60 -> 0 | H60: g
A61: Magret de canard fumée tranché | B61: CROIX MARAND | E61: =F61/1000 -> 0.00695 | F61: 6.95 | G61: =C61*F61 -> 0 | H61: g
A62: Magret de canard tranchée | B62: DS Restauration | F62: 8.4 | G62: =C62*F62 -> 0
A63: NAVARIN EP.AGNEAU S/OS UE E60g | B63: DS Restauration | F63: 7.95 | G63: =C63*F63 -> 0
A64: NOIX DE JOUE PORC CONFITE | B64: AUMAND | E64: =F64/150 -> 0.057566667 | F64: 8.635 | G64: =C64*F64 -> 0 | H64: g
A65: P.ECHINE CONF.COCHON | B65: AUMAND | D65: =F65/8 -> 1.01875 | F65: 8.15 | G65: =C65*F65 -> 0 | H65: piece
A66: Poitrine fumé tranchée | B66: BRAKE | E66: =F66/3000 -> 0.0019966667 | F66: 5.99 | G66: =C66*F66 -> 0 | H66: g
A67: POITRINE FUMEE | B67: DS Restauration | E67: =F67/500 -> 0.016 | F67: 8 | G67: =C67*F67 -> 0 | H67: g
A68: POITRINE FUMEE DELICATE | B68: BRAKE | E68: =F68/1150 -> 0.0052086957 | F68: 5.99 | G68: =C68*F68 -> 0 | H68: g
A69: POITRINE FUMEE TRANCHE | B69: AUMAND | E69: =F69/1000 -> 0.00595 | F69: 5.95 | G69: =C69*F69 -> 0 | H69: g
A70: RABLE DE LAPIN | B70: DS Restauration | E70: =F70/1550 -> 0.0038064516 | F70: 5.9 | G70: =C70*F70 -> 0 | H70: g
A71: ROGNON DE VEAU AVEC GRAS | B71: CROIX MARAND | E71: =F71/1000 -> 0.0058 | F71: 5.8 | G71: =C71*F71 -> 0 | H71: g
A72: ROSETTE DE LYON (50TR) BKE 500G | B72: BRAKE | G72: =C72*F72 -> 0
A73: ROTI DE BŒUF"MACR./TT"CUIT S/V 2,25KG | B73: BRAKE | E73: =F73/2000 -> 0.005475 | F73: 10.95 | G73: =C73*F73 -> 0 | H73: g
A74: ROTI DE PORC CUIT MDG 3,9KG | B74: PROMOCASH | E74: =F74/1500 -> 0.013806667 | F74: 20.71 | G74: =C74*F74 -> 0 | H74: g
A75: ROTI DE PORC LONGE MONTAGNE S/V 2/2,5KG | B75: PROMOCASH | E75: =F75/250 -> 0.02664 | F75: 6.66 | G75: =C75*F75 -> 0 | H75: g
A76: ROTI ECHINE SANS OS 1KG | B76: PROMOCASH | E76: =F76/2500 -> 0.007092 | F76: 17.73 | G76: =C76*F76 -> 0 | H76: g
A77: ROTI FILET SANS OS 1KG | B77: BRAKE | G77: =C77*F77 -> 0
A78: SAUCISSE DE MORTEAU | B78: BRAKE | E78: =F78/5000 -> 0.0013 | F78: 6.5 | G78: =C78*F78 -> 0 | H78: g
A79: SAUCISSE FUMEE A CUIRE | B79: BRAKE | E79: =F79/5000 -> 0.000798 | F79: 3.99 | G79: =C79*F79 -> 0 | H79: g
A80: SAUCISSE FUMEE E125g*12 | B80: DS Restauration | F80: 3.25 | G80: =C80*F80 -> 0
A81: SAUCISSE PETIT DEJ FUMEE | B81: BRAKE | D81: =F81/10 -> 0.399 | F81: 3.99 | G81: =C81*F81 -> 0 | H81: piece
A82: SAUCISSES AUX HERBES | B82: DS Restauration | E82: =F82/2000 -> 0.005 | F82: 10 | G82: =C82*F82 -> 0 | H82: g
A83: SAUCISSON CUIT A L'AIL | B83: BRAKE | E83: =F83/2500 -> 0.0027 | F83: 6.75 | G83: =C83*F83 -> 0 | H83: g
A84: Saucisson sec | B84: AUMAND | E84: =F84/2500 -> 0.002076 | F84: 5.19 | G84: =C84*F84 -> 0 | H84: g
A85: SAUCISSON SEC PP 1K4 MENAGE ALH | B85: BRAKE | F85: 10.99 | G85: =C85*F85 -> 0
A86: SAUTE AGNEAU | B86: DS Restauration | E86: =F86/2500 -> 0.0026 | F86: 6.5 | G86: =C86*F86 -> 0 | H86: g
A87: SAUTE DE PORC 1KG | B87: AUMAND | F87: 5.5 | G87: =C87*F87 -> 0
A88: SAUTE DE VEAU | B88: DS Restauration | E88: =F88/1000 -> 0.0024 | F88: 2.4 | G88: =C88*F88 -> 0 | H88: g
A89: SAUTE DE VEAU France | B89: BRAKE | D89: =F89/50 -> 0.18 | F89: 9 | G89: =C89*F89 -> 0 | H89: piece
A90: SAUTE DE VEAU VBF | B90: BRAKE | F90: 5.99 | G90: =C90*F90 -> 0
A91: STEACK HACHE BOUCHERE | G91: =C91*F91 -> 0
A92: STEAK HACHE | B92: PROMOCASH | D92: =F92/12 -> 1.195 | F92: 14.34 | G92: =C92*F92 -> 0 | H92: piece
A93: STEAK HACHE CHAROLAIS | B93: AUMAND | E93: =F93/1000 -> 0.00249 | F93: 2.49 | G93: =C93*F93 -> 0 | H93: g
A94: STEAK HACHE ROND XXL | B94: AUMAND | E94: =F94/100 -> 0.054 | F94: 5.4 | G94: =C94*F94 -> 0 | H94: g
A95: TERRINE DE CAMPAGNE | B95: PROMOCASH | E95: =F95/1000 -> 0.0385 | F95: 38.5 | G95: =C95*F95 -> 0 | H95: g
A96: TRANCHE FINE POITRINE FUMEE | B96: PROMOCASH | E96: =F96/1000 -> 0.00206 | F96: 2.06 | G96: =C96*F96 -> 0 | H96: g
A97: TRAVERS DE PORC | B97: PROMOCASH | E97: =F97/1000 -> 0.02348 | F97: 23.48 | G97: =C97*F97 -> 0 | H97: g
A98: TRAVERS DE PORC France | B98: PROMOCASH | E98: =F98/1000 -> 0.011 | F98: 11 | G98: =C98*F98 -> 0 | H98: g
A99: TRAVERS NATURE 1KG | G99: =C99*F99 -> 0
A100: Viande hachée | G100: =C100*F100 -> 0
...

Sheet Poisonnerie
A1: Poissons | B1: Fournisseurs | C1: Quantité | D1: Prix/gramme | E1: P.U HT | F1: Prix total | G1: Unité
A2: BRANDADE DE MORUE | B2: BRAKE | D2: =E2/2000 -> 0.0029 | E2: 5.8 | F2: =C2*E2 -> 0 | G2: g
A3: BROCHETTE CREVETTES | B3: BRAKE | D3: =E3/3300 -> 0.00036363636 | E3: 1.2 | F3: =C3*E3 -> 0 | G3: g
A4: CREVETTE DECO DEVEI.CRUE | B4: BRAKE | D4: =E4/800 -> 0.0173125 | E4: 13.85 | F4: =C4*E4 -> 0 | G4: g
A5: CREVETTE ENT.CRU | B5: PROMOCASH | D5: =E5/1000 -> 0.01562 | E5: 15.62 | F5: =C5*E5 -> 0 | G5: g
A6: CREVETTE ENT.CRU VIETNAM | B6: PROMOCASH | D6: =E6/800 -> 0.015 | E6: 12 | F6: =C6*E6 -> 0 | G6: g
A7: DORADE CORYPHENE 8/15 SENEGAL | B7: MERICQ | E7: 13.2 | F7: =C7*E7 -> 0
A8: DORADE GRISE "QMC PF" 5/800 | B8: MERICQ | E8: 8.5 | F8: =C8*E8 -> 0
A9: DORADE GRISE 2/300 C/3 | B9: MERICQ | E9: 6.29 | F9: =C9*E9 -> 0
A10: DOS CABILLAUD A/PEAU 170/190G | B10: DS Restauration | E10: 9.9 | F10: =C10*E10 -> 0
A11: DOS CABILLAUD ESPA | B11: PROMOCASH | D11: =E11/1000 -> 0.00888 | E11: 8.88 | F11: =C11*E11 -> 0 | G11: g
A12: FILET DAUR.ROY.ELV 100/150 AVP | B12: MERICQ | E12: 14.29 | F12: =C12*E12 -> 0
A13: FILET HARENG FUME | B13: PROMOCASH | D13: =E13/1000 -> 0.0074 | E13: 7.4 | F13: =C13*E13 -> 0 | G13: g
A14: FILET IMP SAUMON NORV | B14: MERICQ | D14: =E14/2000 -> 0.005295 | E14: 10.59 | F14: =C14*E14 -> 0 | G14: g
A15: FILET LOTTE PECH. | B15: BRAKE | D15: =E15/5000 -> 0.004012 | E15: 20.06 | F15: =C15*E15 -> 0 | G15: g
A16: FILET SAUMON ATL. | B16: BRAKE | D16: =E16/1800 -> 0.0049722222 | E16: 8.95 | F16: =C16*E16 -> 0 | G16: g
A17: FILET SAUMON FRAIS | B17: DS Restauration | D17: =E17/1550 -> 0.0083225806 | E17: 12.9 | F17: =C17*E17 -> 0 | G17: g
A18: FILET SAUMON NORVEGE | B18: PROMOCASH | D18: =E18/1200 -> 0.010475 | E18: 12.57 | F18: =C18*E18 -> 0 | G18: g
A19: FT SAUMON TD | B19: TERREAZUR | D19: =E19/12000 -> 0.0009125 | E19: 10.95 | F19: =C19*E19 -> 0 | G19: g
A20: FUMET POISSON PREMIUM | B20: PROMOCASH | D20: =E20/630 -> 0.029 | E20: 18.27 | F20: =C20*E20 -> 0 | G20: g
A21: HOMARD AM DECORTIQUE CRU | B21: BRAKE | D21: =E21/2000 -> 0.044 | E21: 88 | F21: =C21*E21 -> 0 | G21: g
A22: LANGOUSTINE | B22: TERREAZUR | D22: =E22/3000 -> 0.0033166667 | E22: 9.95 | F22: =C22*E22 -> 0 | G22: g
A23: LANGOUSTINE ENT. CRUE | B23: BRAKE | D23: =E23/1000 -> 0.012 | E23: 12 | F23: =C23*E23 -> 0 | G23: g
A24: LONGE DE THON ALBACORE 2/2,5KG | B24: DS Restauration | F24: =C24*E24 -> 0
A25: LONGE THON ALBAC. DECONG. | B25: BRAKE | D25: =E25/4000 -> 0.004975 | E25: 19.9 | F25: =C25*E25 -> 0 | G25: g
A26: LONGE THON S/PEAU | B26: BRAKE | D26: =E26/2250 -> 0.0049066667 | E26: 11.04 | F26: =C26*E26 -> 0 | G26: g
A27: MAIGRE "QMC PF" 2/5 | B27: MERICQ | E27: 14 | F27: =C27*E27 -> 0
A28: MERLU LA ROCHELLE 2,5/+ VIDE | B28: MERICQ | E28: 6.9 | F28: =C28*E28 -> 0
A29: NOIX DE ST JACQ USA | B29: PROMOCASH | D29: =E29/1000 -> 0.02812 | E29: 28.12 | F29: =C29*E29 -> 0 | G29: g
A30: NOIX DE ST JACQUES | B30: BRAKE | D30: =E30/1000 -> 0.036 | E30: 36 | F30: =C30*E30 -> 0 | G30: g
A31: NOIX ST JACQUES S/MER CAN S/C10-20LB | B31: DS Restauration | E31: 30 | F31: =C31*E31 -> 0
A32: PAVE CABILLAUD | B32: BRAKE | D32: =E32/3600 -> 0.002775 | E32: 9.99 | F32: =C32*E32 -> 0 | G32: g
A33: PAVEE DE SAUMON FUMEE FICELLE | B33: BRAKE | D33: =E33/800 -> 0.0437375 | E33: 34.99 | F33: =C33*E33 -> 0 | G33: g
A34: PAVEE SAUMON ATL. | B34: BRAKE | D34: =E34/3000 -> 0.0039966667 | E34: 11.99 | F34: =C34*E34 -> 0 | G34: g
A35: ROUGET 100/200 COTE OPALE | B35: MERICQ | E35: 5.29 | F35: =C35*E35 -> 0
A36: THON ALBACORE | B36: PROMOCASH | D36: =E36/800 -> 0.013325 | E36: 10.66 | F36: =C36*E36 -> 0 | G36: g
A37: TRANCHETTE SAUMON FUME | B37: PROMOCASH | D37: =E37/500 -> 0.01424 | E37: 7.12 | F37: =C37*E37 -> 0 | G37: g
A38: TRANCHETTE SAUMON FUMEE DECONGELEE | B38: BRAKE | E38: 14.5 | F38: =C38*E38 -> 0

Sheet BOF
A1: Pdts laitiers | B1: Fournisseurs | C1: Quantité | D1: Prix/pièce | E1: Prix/grammes/cl | F1: P.U HT | G1: Prix total | H1: Unité
A2: 88 TRANCHE CHEDDAR FONDU | B2: PROMOCASH | E2: =F2/1082 -> 0.0071626617 | F2: 7.75 | H2: g
A3: FROMAGE FRAIS | B3: PROMOCASH | E3: =F3/1000 -> 0.00261 | F3: 2.61 | H3: g
A4: JAUNE D'ŒUF NATURE | B4: PROMOCASH | E4: =F4/1000 -> 0.00585 | F4: 5.85 | H4: g
A5: STE MAURE AFFINE | B5: PROMOCASH | E5: =F5/240 -> 0.0175 | F5: 4.2 | H5: g
A6: STE MAURE DE TOURAINE | B6: PROMOCASH | E6: =F6/250 -> 0.01656 | F6: 4.14 | H6: g
A7: ŒUF CALIBRE MOYEN | B7: PROMOCASH | D7: =F7/30 -> 0.12533333 | F7: 3.76 | H7: piece
A8: REBLOCHON LAIT.AOC | B8: PROMOCASH | E8: =F8/450 -> 0.011088889 | F8: 4.99 | H8: g
A9: BEURRE DOUX SAVENAY | B9: PROMOCASH | E9: =F9/500 -> 0.00424 | F9: 2.12 | H9: g
A10: MASCARPONE CASA AZZURRA | B10: PROMOCASH | E10: =F10/500 -> 0.00926 | F10: 4.63 | H10: g
A11: MASCARPONE EN CUISINE | B11: PROMOCASH | E11: =F11/500 -> 0.00762 | F11: 3.81 | H11: g
A12: PARMESAN REGGIANO RAPE | B12: PROMOCASH | E12: =F12/500 -> 0.02372 | F12: 11.86 | H12: g
A13: STE MAURE CAPRIFEUIL | B13: PROMOCASH | E13: =F13/(6*280) -> 0.020107143 | F13: 33.78 | H13: g
A14: ŒUF CALIBRE MOYEN *60 | B14: PROMOCASH | D14: =F14/60 -> 0.1295 | F14: 7.77 | H14: piece
A15: Beurre 1/2sel POMMERAIE. TRIB | B15: AUMAND | F15: 4.99 | G15: =C15*F15 -> 0
A16: Beurre doux EX.POMMERAIE.TRIB | B16: AUMAND | F16: 4.99 | G16: =C16*F16 -> 0
A17: BEURRE MICROPAIN 1/2S 10G | B17: AUMAND | F17: 5.92 | G17: =C17*F17 -> 0
A18: BLANC ŒUF LIQUIDE | B18: AUMAND | E18: =F18/1000 -> 0.00329 | F18: 3.29 | G18: =C18*F18 -> 0 | H18: g
A19: BOUCHEE CAMEMBERT | B19: BRAKE | E19: =F19/1000 -> 0.0105 | F19: 10.5 | H19: g
A20: CREME UHT | B20: PROMOCASH | E20: =F20/100 -> 0.0219 | F20: 2.19 | H20: cl
A21: BRIE DE MAUX AOP 22% | B21: BRAKE | F21: 13 | G21: =C21*F21 -> 0
A22: CHEDDAR FONDU 25% | B22: AUMAND | F22: 9.59 | G22: =C22*F22 -> 0
A23: CHEVRE LONG CENDRE BOCAIN | B23: AUMAND | E23: =F23/280 -> 0.013928571 | F23: 3.9 | G23: =C23*F23 -> 0 | H23: g
A24: CHEVRE LONG FRAIS 280G BOCAIN | B24: AUMAND | E24: =F24/280 -> 0 | G24: =C24*F24 -> 0 | H24: g
A25: COMTE BAGUETTE | B25: AUMAND | E25: =F25/480 -> 0.013541667 | F25: 6.5 | G25: =C25*F25 -> 0 | H25: g
A26: COMTE B.VERTE | B26: BRAKE | E26: =F26/2500 -> 0.0068 | F26: 17 | G26: =C26*F26 -> 0 | H26: g
A27: COMTE BLOC ENTREMONT | B27: AUMAND | E27: =F27/2500 -> 0.004996 | F27: 12.49 | H27: g
A28: CREAM CHEESE | B28: BRAKE | E28: =F28/1000 -> 0.00895 | F28: 8.95 | G28: =C28*F28 -> 0 | H28: g
A29: CREME MASCARPONE | B29: AUMAND | E29: =F29/500 -> 0.00678 | F29: 3.39 | H29: g
A30: Crème UHT 34% VAL DE SAIRE | B30: AUMAND | F30: 2.95 | G30: =C30*F30 -> 0
A31: EMMENTAL RAPEE 45% | B31: AUMAND | F31: 5.89 | G31: =C31*F31 -> 0
A32: FOURME D'AMBERT AOP 27% | B32: BRAKE | F32: 9.6 | G32: =C32*F32 -> 0
A33: FROMAGE BLANC LISSE | B33: BRAKE | F33: 2
A34: Fromage frais batttu MONTEBOURG | B34: AUMAND | F34: 2.69 | G34: =C34*F34 -> 0
A35: FROMMAGE DE CHEVRE FRAIS 8% | B35: BRAKE | F35: 19.5
A36: JAUNE ŒUF LIQUIDE | B36: AUMAND | E36: =F36/1000 -> 0.00599 | F36: 5.99 | G36: =C36*F36 -> 0 | H36: g
A37: COMTE BLOC E.CUIS | B37: PROMOCASH | E37: =F37/1000 -> 0.01171 | F37: 11.71 | H37: g
A38: LAIT DE COCO | B38: BRAKE | E38: =F38/400 -> 0.0045 | F38: 1.8 | H38: cl
A39: LAIT UHT 1/2 ECREME | B39: AUMAND | E39: =F39/100 -> 0.0067 | F39: 0.67 | G39: =C39*F39 -> 0 | H39: cl
A40: LEERDAMMER FONDU | B40: AUMAND | E40: =F40/1000 -> 0.00865 | F40: 8.65 | G40: =C40*F40 -> 0 | H40: g
A41: MOZARELLA BOUL.LATTE.BUFFALA | B41: AUMAND | E41: =F41/125 -> 0.01488 | F41: 1.86 | G41: =C41*F41 -> 0 | H41: g
A42: MOZARELLA DE BUFFLONE | B42: BRAKE | E42: =F42/125 -> 0.03936 | F42: 4.92 | G42: =C42*F42 -> 0 | H42: g
A43: MOZARELLA STICK | B43: BRAKE | E43: =F43/1000 -> 0.011 | F43: 11 | H43: g
A44: ŒUF KIT P.AIR +73TG PAMPR O | B44: AUMAND | F44: 0.207 | G44: =C44*F44 -> 0
A45: OEUFVRAC 63/73 GESLIN | B45: AUMAND | F45: 0.109 | G45: =C45*F45 -> 0
A46: PARMIGIANNO REGG.RAPEE FRAIS | B46: AUMAND | E46: =F46/500 -> 0.0179 | F46: 8.95 | G46: =C46*F46 -> 0 | H46: g
A47: REBLOCHON FRUIT. AOP | B47: AUMAND | E47: =F47/450 -> 0.018888889 | F47: 8.5 | G47: =C47*F47 -> 0 | H47: g
A48: SAINTE MAURE DE TOURMALINE AOP | B48: BRAKE | E48: =F48/250 -> 0.0196 | F48: 4.9 | H48: g
A49: TARTARE AUX COUTEAUX CHAROL | B49: BRAKE | E49: =F49/360 -> 0.038055556 | F49: 13.7 | H49: g
A50: TOST'O CHEVRE SOIGNON | B50: BRAKE | E50: =F50/750 -> 0.013266667 | F50: 9.95 | G50: =C50*F50 -> 0 | H50: g

Sheet Fruits & Légumes
A1: Fruits | B1: Fournisseurs | C1: Quantité | D1: Prix/piece | E1: Prix/gramme | F1: P.U HT | G1: Prix total | H1: Unité
A2: 5/1 TOMATES CONC.CUBES JYRELA | B2: PROMOCASH | E2: =F2/3000 -> 0.00143 | F2: 4.29 | H2: g
A3: ABRICOTS SEC | B3: BRAKE | E3: =F3/1000 -> 0.00864 | F3: 8.64 | G3: =C3*F3 -> 0 | H3: g
A4: ANANAS CAK A 8 | B4: ESTARELLAS | F4: 2.2 | G4: =C4*F4 -> 0
A5: ANANAS X.SWEET COSTA RICA | B5: TERREAZUR | D5: =F5/9 -> 0.31888889 | F5: 2.87 | G5: =C5*F5 -> 0 | H5: piece
A6: ASPERGE VERTE | B6: BRAKE | E6: =F6/500 -> 0.01752 | F6: 8.76 | H6: g
A7: AUBERGINE Espagne | B7: PROMOCASH | E7: =F7/1000 -> 0.00188 | F7: 1.88 | H7: g
A8: AUBERGINE Espagne | B8: TERREAZUR | E8: =F8/500 -> 0.00414 | F8: 2.07 | H8: g
A9: BANANE | B9: ESTARELLAS | F9: 1.23 | G9: =C9*F9 -> 0
A10: BANNANE ANTILLE | B10: PROMOCASH | E10: =F10/1000 -> 0.00136 | F10: 1.36 | G10: =C10*F10 -> 0 | H10: g
A11: BASILIC CELLO | B11: ESTARELLAS | F11: 0.95
A12: BETTERAVE EN DES BT 5/1 | B12: BRAKE | E12: =F12/3000 -> 0.00183 | F12: 5.49 | H12: g
A13: BOTTE AIL VERT CAT2 France | B13: PROMOCASH | F13: 0.95
A14: BOUTON ARTICHAUT A/TIGE | B14: BRAKE | E14: =F14/1000 -> 0.01099 | F14: 10.99 | H14: g
A15: CAROTTE France | B15: PROMOCASH | E15: =F15/5000 -> 0.000838 | F15: 4.19 | H15: g
A16: CAROTTE France | B16: PROMOCASH | E16: =F16/1000 -> 0.00123 | F16: 1.23 | H16: g
A17: CAROTTE JAUNE CUBE BLANCHI | B17: BRAKE | E17: =F17/2500 -> 0.00114 | F17: 2.85 | H17: g
A18: CAROTTE MINI | B18: ESTARELLAS | D18: =F18/15 -> 0.32333333 | F18: 4.85 | H18: piece
A19: CAROTTE SAC PLASTIC (5kg) | B19: ESTARELLAS | E19: =F19/5000 -> 0.00014 | F19: 0.7 | H19: g
A20: CELERI BLANCHE France | B20: PROMOCASH | E20: =F20/1000 -> 0.0015 | F20: 1.5 | H20: g
A21: CELERI RAVE GROS | B21: ESTARELLAS | F21: 1.5
A22: CHAMPIGNON A LA GRECQUE FR | B22: ESTARELLAS | E22: =F22/3000 -> 0.0015 | F22: 4.5 | H22: g
A23: CHAMPIGNON HOY | B23: TERREAZUR | E23: =F23/3000 -> 0.00096666667 | F23: 2.9 | H23: g
A24: CHAMPIGNON PIED COUPE FR | B24: ESTARELLAS | E24: =F24/3000 -> 0.0011666667 | F24: 3.5 | H24: g
A25: CHAMPIGNON POLOGNE | B25: PROMOCASH | E25: =F25/1000 -> 0.0022 | F25: 2.2 | H25: g
A26: CHOU ROUGE France | B26: PROMOCASH | E26: =F26/1000 -> 0.00168 | F26: 1.68 | H26: g
A27: CITRON JAUNE Espagne | B27: PROMOCASH | E27: =F27/1000 -> 0.0021 | F27: 2.1 | G27: =C27*F27 -> 0 | H27: g
A28: CITRON VERT BRESIL | B28: PROMOCASH | E28: =F28/1000 -> 0.0025 | F28: 2.5 | G28: =C28*F28 -> 0 | H28: g
A29: COMCOMBRE +600G FR | B29: TERREAZUR | E29: =F29/600 -> 0.00205 | F29: 1.23 | H29: g
A30: COMCOMBRE 500/600 FR | B30: TERREAZUR | E30: =F30/550 -> 0.0017272727 | F30: 0.95 | H30: g
A31: COMCOMBRE Espagne | B31: ESTARELLAS | E31: =F31/450 -> 0.0015333333 | F31: 0.69 | H31: g
A32: CONFIT OIGNONS | B32: PROMOCASH | E32: =F32/1000 -> 0.00499 | F32: 4.99 | H32: g
A33: CORNICHON MALOSS. RUSSIE | B33: PROMOCASH | E33: =F33/440 -> 0.0084772727 | F33: 3.73 | H33: g
A34: COURGETTE C1 France | B34: PROMOCASH | E34: =F34/1000 -> 0.00162 | F34: 1.62 | H34: g
A35: COURGETTE CAT1 France | B35: PROMOCASH | E35: =F35/1000 -> 0.00117 | F35: 1.17 | H35: g
A36: COURGETTE Espagne | B36: PROMOCASH | E36: =F36/1000 -> 0.00315 | F36: 3.15 | H36: g
A37: COURGETTE FR France | B37: TERREAZUR | E37: =F37/10000 -> 0.000279 | F37: 2.79 | H37: g
A38: COURGETTES MINI LEGUME | B38: ESTARELLAS | D38: =F38/12 -> 0.40416667 | F38: 4.85 | H38: piece
A39: DOUBLE CONCENTRE DE TOMATE | B39: BRAKE | E39: =F39/800 -> 0.0036 | F39: 2.88 | H39: g
A40: ECHALION FR | B40: ESTARELLAS | E40: =F40/2500 -> 0.00066 | F40: 1.65 | H40: g
A41: Echalotte
A42: ENDIVE France | B42: PROMOCASH | E42: =F42/1000 -> 0.00197 | F42: 1.97 | H42: g
A43: ENDIVES | B43: TERREAZUR | E43: =F43/5000 -> 0.000506 | F43: 2.53 | H43: g
A44: EPINARD | B44: ESTARELLAS | F44: 2.95
A45: EPINARD France | B45: PROMOCASH | E45: =F45/1000 -> 0.00364 | F45: 3.64 | H45: g
A46: FEVES PELEES | B46: DS Restauration | E46: =F46/1000 -> 0.004 | F46: 4 | H46: g
A47: FEVES PELEES EGYPTE | B47: PROMOCASH | E47: =F47/1000 -> 0.00398 | F47: 3.98 | H47: g
A48: FRAISE CHARLOTTE CAT1 FRA | B48: PROMOCASH | E48: =F48/500 -> 0.0078 | F48: 3.9 | G48: =C48*F48 -> 0 | H48: g
A49: FRAISE France | B49: TERREAZUR | E49: =F49/500 -> 0.0077 | F49: 3.85 | G49: =C49*F49 -> 0 | H49: g
A50: FRAISE NUE Belgique | B50: TERREAZUR | E50: =F50/500 -> 0.00722 | F50: 3.61 | G50: =C50*F50 -> 0 | H50: g
A51: FRAISE REG France | B51: TERREAZUR | E51: =F51/500 -> 0.0054 | F51: 2.7 | G51: =C51*F51 -> 0 | H51: g
A52: FRAISE RONDE FRCE | B52: TERREAZUR | E52: =F52/1000 -> 0.00665 | F52: 6.65 | G52: =C52*F52 -> 0 | H52: g
A53: GOUSSES VANILLES BOURBON | B53: PROMOCASH | E53: =F53/100 -> 0.2474 | F53: 24.74 | G53: =C53*F53 -> 0 | H53: g
A54: GOUSSES VANILLES EN CUISINE | B54: PROMOCASH | D54: =F54/25 -> 0.6744 | F54: 16.86 | G54: =C54*F54 -> 0 | H54: piece
A55: KIWI 27 PLT (105-115G) FR | B55: ESTARELLAS | F55: 0.29 | G55: =C55*F55 -> 0
A56: KIWI 85/95G *33 PL Italie C1 50*30 | B56: TERREAZUR | F56: 0.41 | G56: =C56*F56 -> 0
A57: LAMELLES TRUFFES | B57: BRAKE | D57: =F57/12 -> 7.9166667 | E57: =F57/500 -> 0.19 | F57: 95 | H57: g
A58: MESCLUN | B58: ESTARELLAS | E58: =F58/250 -> 0.0112 | F58: 2.8 | H58: g
A59: MINI POIRREAU 500G | B59: BRAKE | E59: =F59/500 -> 0.0158 | F59: 7.9 | H59: g
A60: NAVET | B60: ESTARELLAS | E60: =F60/5000 -> 0.000322 | F60: 1.61 | H60: g
A61: NAVET GROS France | B61: PROMOCASH | E61: =F61/1000 -> 0.0025 | F61: 2.5 | H61: g
A62: OIGNON JAUNE France | B62: TERREAZUR | E62: =F62/5000 -> 0.00052 | F62: 2.6 | H62: g
A63: OIGNON RGE France | B63: PROMOCASH | E63: =F63/1000 -> 0.00168 | F63: 1.68 | H63: g
A64: OIGNON ROUGE FR | B64: TERREAZUR | E64: =F64/5000 -> 0.00039 | F64: 1.95 | H64: g
A65: OIGNONS BLC SEC Italie | B65: PROMOCASH | E65: =F65/1000 -> 0.00313 | F65: 3.13 | H65: g
A66: OIGNONS BORRETANE BALSAMICO | B66: BRAKE | E66: =F66/1000 -> 0.0139 | F66: 13.9 | H66: g
A67: OIGNONS EMINCE UE | B67: DS Restauration | E67: =F67/1000 -> 0.001 | F67: 1 | H67: g
A68: Oignons jaune
A69: OIGNONS MOYENS FR | B69: ESTARELLAS | E69: =F69/5000 -> 0.000182 | F69: 0.91 | H69: g
A70: OIGNONS ROUGES FR | B70: ESTARELLAS | E70: =F70/5000 -> 0.00028 | F70: 1.4 | H70: g
A71: OLIVES VERDIALES | B71: GRANADA OLIVE | E71: =F71/7100 -> 0.0026760563 | F71: 19 | H71: g
A72: PANAIS BLANCHI EN CUBE | B72: BRAKE | E72: =F72/2500 -> 0.00112 | F72: 2.8 | H72: g
A73: PANAIS FR | B73: ESTARELLAS | E73: =F73/5000 -> 0.000448 | F73: 2.24 | H73: g
A74: PCE ANANAS EQR C1 COTE IVOIRE | B74: PROMOCASH | F74: 2.5 | G74: =C74*F74 -> 0
A75: PCE AVOCAT +203 EQR C1 AFRIQ.S | B75: PROMOCASH | F75: 0.81
A76: PCE CHOU BLANC CAT1 France | B76: PROMOCASH | F76: 2.7
A77: PCE COMCONBRE 5/6 C1 France | B77: PROMOCASH | F77: 0.88
A78: PIECE ANANAS A8 C1 COSTA RICA | B78: PROMOCASH | F78: 2.54 | G78: =C78*F78 -> 0
A79: PIECE KIWI 85/90 CAT1 Italie | B79: PROMOCASH | F79: 0.25 | G79: =C79*F79 -> 0
A80: POIRE CONFER. France | B80: PROMOCASH | E80: =F80/1000 -> 0.00202 | F80: 2.02 | G80: =C80*F80 -> 0 | H80: g
A81: POIRE CONFERENCE 60/65 | B81: ESTARELLAS | F81: 1.44 | G81: =C81*F81 -> 0
A82: POIREAU FR | B82: ESTARELLAS | E82: =F82/10000 -> 0.000175 | F82: 1.75 | H82: g
A83: POIVRON VERT France | B83: PROMOCASH | E83: =F83/1000 -> 0.00246 | F83: 2.46 | H83: g
A84: POIVRONS JAUNE GG 80/100 ESP C1 | B84: TERREAZUR | F84: 4.82
A85: POIVRONS ROUGE G 70/90 1K ESP C1 | B85: TERREAZUR | F85: 4.08
A86: POIVRONS ROUGES Espagne | B86: PROMOCASH | E86: =F86/1000 -> 0.00367 | F86: 3.67 | H86: g
A87: POIVRONS VERT Espagne | B87: PROMOCASH | E87: =F87/1000 -> 0.00315 | F87: 3.15
A88: POIVRONS VERT G 70/90 1K ESP C1 | B88: TERREAZUR | F88: 3.8
A89: POMME GOLDEN 150/180 FR | B89: ESTARELLAS | F89: 1.1 | G89: =C89*F89 -> 0
A90: POMME GOLDEN 170/200G REG FRC1 | B90: TERREAZUR | F90: 2.09 | G90: =C90*F90 -> 0
A91: POMMES GOLDEN France | B91: PROMOCASH | E91: =F91/1000 -> 0.00193 | F91: 1.93 | G91: =C91*F91 -> 0 | H91: g
A92: POTIMARON | B92: ESTARELLAS | F92: 1.15
A93: POVRONS JAUNE Espagne | B93: PROMOCASH | E93: =F93/1000 -> 0.00389 | F93: 3.89 | H93: g
A94: RADIS BOTTE ROSE | B94: ESTARELLAS | F94: 0.9
A95: ROQUETTE 200G | B95: ESTARELLAS | E95: =F95/200 -> 0.0105 | F95: 2.1 | H95: g
A96: ROQUETTE 250G | B96: ESTARELLAS | E96: =F96/250 -> 0.0092 | F96: 2.3 | H96: g
A97: SALADE COMPOSE France | B97: PROMOCASH | E97: =F97/500 -> 0.00278 | F97: 1.39 | H97: g
A98: SALADE MESCLUN France | B98: PROMOCASH | E98: =F98/300 -> 0.012833333 | F98: 3.85 | H98: g
A99: SALADE SUCRINE Espagne | B99: PROMOCASH | E99: =F99/360 -> 0.0088333333 | F99: 3.18 | H99: g
A100: TOMATE 57 PAYS | B100: ESTARELLAS | F100: 1.85
...

Sheet Economat
A1: Condiments | B1: Fournisseurs | C1: Prix pièce | D1: Prix/grammes ou cl | E1: P.U HT | F1: Prix total | G1: Unité
A2: 5ST LEVURE BOUL.BRICHIN.ALSA | B2: PROMOCASH | E2: 1.52 | F2: =C2*E2 -> 0
A3: ANETH EQR France | B3: PROMOCASH | D3: =E3/100 -> 0.0197 | E3: 1.97 | F3: =C3*E3 -> 0 | G3: g
A4: ARTICHAUD QUART SAUTE DEMETRA | B4: EPISAVEUR | D4: 4/4*6 ? | E4: 9.537 | G4: g
A5: BAIE SZECHUAN ROUGE TERRE EX | B5: EPISAVEUR | D5: =E5/(250*10) -> 0.0089404 | E5: 22.351 | G5: g
A6: BAIE TIMUR SAC TERRE EXOTIQUE | B6: EPISAVEUR | D6: =E6/5000 -> 0.0060048 | E6: 30.024 | G6: g
A7: BASILIC | B7: TERREAZUR | D7: =E7/100 -> 0.0285 | E7: 2.85 | F7: =C7*E7 -> 0 | G7: g
A8: BASILIC EQR MAROC | B8: PROMOCASH | D8: =E8/100 -> 0.0238 | E8: 2.38 | F8: =C8*E8 -> 0 | G8: g
A9: BEUR MYCRYO 100% CACAO SAC BARRY | B9: EPISAVEUR | D9: =E9/6750 -> 0.0020952593 | E9: 14.143 | G9: g
A10: BOTTE AIL VERT CAT2 France | B10: PROMOCASH | E10: 0.95 | F10: =C10*E10 -> 0
A11: CAPRON VINAIGRE VIN BLC DEMETRA | B11: EPISAVEUR | D11: =E11/(1600*6) -> 0.0016666667 | E11: 16 | G11: g
A12: CASARECCE SAC DE CECCO | B12: EPISAVEUR | D12: =E12/(3000*4) -> 0.00082108333 | E12: 9.853 | G12: g
A13: CEPE 1ER CHOIX TUBO CHAMPILAND | B13: EPISAVEUR | D13: =E13/(500*8) -> 0.00536775 | E13: 21.471 | G13: g
A14: CEPE TUBO CHAMPILAND | B14: EPISAVEUR | D14: =E14/(500*8) -> 0.003965 | E14: 15.86 | G14: g
A15: CHAMPIGNON NR TUBO CHAMPILAND | B15: EPISAVEUR | D15: =E15/(500*8) -> 0.001756 | E15: 7.024 | G15: g
A16: CIBOULETTE EQR MAROC | B16: PROMOCASH | D16: =E16/100 -> 0.0251 | E16: 2.51 | F16: =C16*E16 -> 0 | G16: g
A17: COMBAVA PDR SAC TERRE EXOTIQUE | B17: EPISAVEUR | D17: =E17/5000 -> 0.0076092 | E17: 38.046 | G17: g
A18: COURGETTE GRILLE HUILE BTE DEMETRA | B18: EPISAVEUR | D18: 4/4*6 ? | E18: 10.09 | G18: g
A19: CREME CEPE TRUFF CLAIR BTE DEMETRA | B19: EPISAVEUR | D19: 4/4*6 ? | E19: 21.109 | G19: g
A20: CREME DE MARRON FAUGIER | B20: PROMOCASH | D20: =E20/800 -> 0.006475 | E20: 5.18 | F20: =C20*E20 -> 0 | G20: g
A21: CUBE LEVURE HIRONDELLE | B21: PROMOCASH | D21: =E21/502 -> 0.003625498 | E21: 1.82 | F21: =C21*E21 -> 0 | G21: g
A22: Cumin | F22: =C22*E22 -> 0
A23: CURRY EN CUISINE | B23: PROMOCASH | D23: =E23/500 -> 0.00998 | E23: 4.99 | F23: =C23*E23 -> 0 | G23: g
A24: CURRY MADRAS SAC TERRE EXOTIQUE | B24: EPISAVEUR | D24: =E24/5000 -> 0.0012128 | E24: 6.064 | G24: g
A25: ESTRAGON EN CUISINE | B25: PROMOCASH | D25: =E25/70 -> 0.070142857 | E25: 4.91 | F25: =C25*E25 -> 0 | G25: g
A26: FARFALLE PAQ DE CECCO | B26: EPISAVEUR | D26: =E26/(3000*4) -> 0.0009155 | E26: 10.986 | G26: g
A27: FARINE T55 NO NAME PP | B27: PROMOCASH | D27: =E27/1000 -> 0.00053 | E27: 0.53 | F27: =C27*E27 -> 0 | G27: g
A28: FEVE TONKA SAC TERRE EXOTIQUE | B28: EPISAVEUR | D28: =E28/5000 -> 0.0085 | E28: 42.5 | G28: g
A29: FUSILLI PAS DE CECCO | B29: EPISAVEUR | D29: =E29/(3000*4) -> 0.00082108333 | E29: 9.853 | G29: g
A30: GARNIT FORESTIERE TUBO CHAMPILAND | B30: EPISAVEUR | D30: =E30/(500*8) -> 0.00202625 | E30: 8.105 | G30: g
A31: GELATINE FLLE OR BTE SEBALCE | B31: EPISAVEUR | C31: =E31/(250*8) -> 0.010647 | E31: 21.294 | G31: piece
A32: GIMGEMBRE PRÊT EMPLOI JAR | B32: PROMOCASH | E32: 4.79 | F32: =C32*E32 -> 0
A33: GROS SEL DE MER | B33: PROMOCASH | D33: =E33/1000 -> 0.00027 | E33: 0.27 | F33: =C33*E33 -> 0 | G33: g
A34: GUACAMOLE | B34: BRAKE | D34: =E34/1000 -> 0.00899 | E34: 8.99 | F34: =C34*E34 -> 0 | G34: g
A35: HARICOTS ROUGE | B35: BRAKE | D35: =E35/3000 -> 0.0019333333 | E35: 5.8 | G35: g
A36: HF ESTRAGON BOTTE | B36: TERREAZUR | E36: 1.06 | F36: =C36*E36 -> 0
A37: HUILE DE NOISETTE GID | B37: PROMOCASH | D37: =E37/50 -> 0.117 | E37: 5.85 | F37: =C37*E37 -> 0 | G37: cl
A38: HUILE D'OLIVE GID | B38: PROMOCASH | D38: =E38/5000 -> 0.004906 | E38: 24.53 | F38: =C38*E38 -> 0 | G38: cl
A39: HUILE D'OLIVE VIERGE EXTRA | B39: GRANADA OLIVE | D39: =E39/200 -> 0.06 | E39: 12 | F39: =C39*E39 -> 0 | G39: cl
A40: HUILE GIDOLEIC GID HUILERIE | B40: AUMAND | E40: 2.15 | F40: =C40*E40 -> 0
A41: HUILE GISDOL GID | B41: PROMOCASH | D41: =E41/10000 -> 0.002085 | E41: 20.85 | F41: =C41*E41 -> 0 | G41: cl
A42: HUILE OLIVE EXTRA VIERGE PET GID | B42: AUMAND | E42: 5.39 | F42: =C42*E42 -> 0
A43: HUILE TOURNESOL GID | B43: PROMOCASH | D43: =E43/5000 -> 0.001486 | E43: 7.43 | F43: =C43*E43 -> 0 | G43: cl
A44: HUILE TOURNESOL GID HUILERIE | B44: AUMAND | E44: 1.69 | F44: =C44*E44 -> 0
A45: KETCHUP BOUCHPROP. HEIN | B45: PROMOCASH | D45: =E45/910 -> 0.0043296703 | E45: 3.94 | F45: =C45*E45 -> 0 | G45: g
A46: KG FENOUILLE C1 Espagne | B46: PROMOCASH | E46: 2.28 | F46: =C46*E46 -> 0
A47: KG GIMGEMBRE CAT1 CHINE | B47: PROMOCASH | E47: 6 | F47: =C47*E47 -> 0
A48: LAURIER C1 France | B48: PROMOCASH | D48: =E48/100 -> 0.0202 | E48: 2.02 | F48: =C48*E48 -> 0 | G48: g
A49: Lentilles verte
A50: LENTILLES VERTES ENCUI | B50: PROMOCASH | D50: =E50/5000 -> 0.00243 | E50: 12.15 | G50: g
A51: LEVURE L'HIRONDELLE MENAGERE | B51: AUMAND | E51: 5.98 | F51: =C51*E51 -> 0
A52: LINGUINE PAQ DE CECCO | B52: EPISAVEUR | D52: =E52/(3000*4) -> 0.00082108333 | E52: 9.853 | G52: g
A53: MEL BOLET-CEPE TUBO CHAMPILAND | B53: EPISAVEUR | D53: =E53/(500*8) -> 0.0032935 | E53: 13.174 | G53: g
A54: MEL CHAMP FOREST PCH ALU APIF | B54: EPISAVEUR | D54: =E54/7000 -> 0.0012634286 | E54: 8.844 | G54: g
A55: MEL EPICE TAJINE TERRE EXOTIQUE | B55: EPISAVEUR | D55: =E55/5000 -> 0.002633 | E55: 13.165 | G55: g
A56: MEL EPICE TRAPPEU SCH TERRE EXOTIQUE | B56: EPISAVEUR | D56: =E56/5000 -> 0.004075 | E56: 20.375 | G56: g
A57: MENTHE EQR MARCO | B57: PROMOCASH | D57: =E57/100 -> 0.0205 | E57: 2.05 | F57: =C57*E57 -> 0 | G57: g
A58: MEZZI RIGATONI SAC DE CECCO | B58: EPISAVEUR | D58: =E58/(3000*4) -> 0.00082091667 | E58: 9.851 | G58: g
A59: MICROPAIN 1/2 SEL PRESIDENT | B59: BRAKE | E59: 15
A60: MORILLE QUEUE SEC TUBO CHAMPILAND | B60: EPISAVEUR | D60: =E60/(500*8) -> 0.01113875 | E60: 44.555 | G60: g
A61: MORILLE TRAITEUR TUBO CHAMPILAND | B61: EPISAVEUR | D61: =E61/(500*8) -> 0.0338085 | E61: 135.234 | G61: g
A62: MORILLON SECHE TUBO CHAMPILAND | B62: EPISAVEUR | D62: =E62/(500*8) -> 0.02912575 | E62: 116.503 | G62: g
A63: MOUT.DIJON CALIFORNIA | B63: PROMOCASH | D63: =E63/95 -> 0.060105263 | E63: 5.71 | F63: =C63*E63 -> 0 | G63: g
A64: MOUTARDE AIL PERSIL FLC DIJON | B64: EPISAVEUR | D64: =E64/1200 -> 0.001145 | E64: 1.374 | G64: g
A65: MOUTARDE FORTE DIJONA | B65: PROMOCASH | D65: =E65/5000 -> 0.001282 | E65: 6.41 | F65: =C65*E65 -> 0 | G65: g
A66: MOUTARDE MIEL FLC DIJON | B66: EPISAVEUR | D66: =E66/1200 -> 0.001145 | E66: 1.374 | G66: g
A67: MOUTARDE PIM DX FUMEE FLC DINJON | B67: EPISAVEUR | D67: =E67/1200 -> 0.001145 | E67: 1.374 | G67: g
A68: ORECCHIETTE SAC DE CECCO | B68: EPISAVEUR | D68: =E68/(3000*4) -> 0.00092 | E68: 11.04 | G68: g
A69: PAPRIKA DOUX EN CUISINE | B69: PROMOCASH | D69: =E69/500 -> 0.0126 | E69: 6.3 | F69: =C69*E69 -> 0 | G69: g
A70: PAPRIKA FUME PIMENTON TERRE EXOTIQUE | B70: EPISAVEUR | D70: =E70/5000 -> 0.001641 | E70: 8.205 | G70: g
A71: PATATE DOUCE C1 ISRAEL | B71: PROMOCASH | D71: =E71/1000 -> 0.003 | E71: 3 | G71: g
A72: Pâtes lasagne
A73: PATES SPHAGETTIS PASTA PRO | B73: PROMOCASH | D73: =E73/5000 -> 0.001768 | E73: 8.84 | G73: g
A74: PCE AIL TRESSE 5/7 C1 France | B74: PROMOCASH | E74: 6.01 | F74: =C74*E74 -> 0
A75: PDT FRITE VIC.60+ EQR FRA | B75: PROMOCASH | D75: =E75/12500 -> 0.0009456 | E75: 11.82 | G75: g
A76: PENNE RIGATE | B76: BRAKE | D76: =E76/3000 -> 0.0009 | E76: 2.7 | G76: g
A77: PENNE RIGATE PAQ DE CECCO | B77: EPISAVEUR | D77: =E77/(3000*4) -> 0.00082108333 | E77: 9.853 | G77: g
A78: PETIT PAIN A LA FARINE | B78: BRAKE | E78: 0.17
A79: PIMENT CAYENNE MOULU SAC TERRE EXO | B79: EPISAVEUR | D79: =E79/2500 -> 0.0022416 | E79: 5.604 | G79: g
A80: PLAQUE PAIN DE MIE | B80: DS Restauration | E80: 53.5
A81: Pois cassé
A82: Poivre blanc | F82: =C82*E82 -> 0
A83: POIVRE BLANC MLU ESPIG | B83: PROMOCASH | D83: =E83/500 -> 0.02132 | E83: 10.66 | F83: =C83*E83 -> 0 | G83: g
A84: POIVRE NOIR CONCASSE ENCUIS | B84: PROMOCASH | D84: =E84/500 -> 0.01656 | E84: 8.28 | F84: =C84*E84 -> 0 | G84: g
A85: POIVRE NOIR NR SARAWAK ENTIER | B85: PROMOCASH | D85: =E85/50 -> 0.055 | E85: 2.75 | F85: =C85*E85 -> 0 | G85: g
A86: POIVRE NOIR SARAWAK ENTIE | B86: PROMOCASH | D86: =E86/500 -> 0.02396 | E86: 11.98 | F86: =C86*E86 -> 0 | G86: g
A87: POIVRE PENJA BLC SAC TERRE EXO | B87: EPISAVEUR | D87: =E87/10000 -> 0.0037698 | E87: 37.698 | G87: g
A88: POIVRE SAUVAGE SAC TERRE EXOTIQUE | B88: EPISAVEUR | D88: =E88/5000 -> 0.0055676 | E88: 27.838 | G88: g
A89: POIVRE TIMUT SAC TERRE EXOTIQUE | B89: EPISAVEUR | D89: =E89/2500 -> 0.0065 | E89: 16.25 | G89: g
A90: Poivre vert | F90: =C90*E90 -> 0
A91: POIVRON GOUTTE MINI JNE BTE SABAROT | B91: EPISAVEUR | D91: 4/4*6 ? | E91: 10.467 | G91: g
A92: POIVRON ROTI NATUREL BTE DEMETRA | B92: EPISAVEUR | D92: 4/4*6 ? | E92: 7.878 | G92: g
A93: POUDRE D'AMANDE BLCHE PULPE | B93: PROMOCASH | D93: =E93/1000 -> 0.01769 | E93: 17.69 | F93: =C93*E93 -> 0 | G93: g
A94: Poudres d'amande | F94: =C94*E94 -> 0
A95: RIZ 3 SAVEURS EN CUISINE | B95: PROMOCASH | D95: =E95/2500 -> 0.004484 | E95: 11.21 | G95: g
A96: RIZ ARBORIO QS EN CUISINE | B96: PROMOCASH | D96: =E96/2500 -> 0.003856 | E96: 9.64 | G96: g
A97: RIZ CARNAROLI PREMIUM (RISOTTO) | B97: BRAKE | E97: 6.75
A98: RIZ LG GRAIN CUIS.10M BENS | B98: PROMOCASH | D98: =E98/2500 -> 0.004612 | E98: 11.53 | G98: g
A99: RIZ LG GRAIN UBEN | B99: PROMOCASH | D99: =E99/5000 -> 0.003668 | E99: 18.34 | G99: g
A100: RIZ RD ARBORIO PAQ DE CECCO | B100: EPISAVEUR | D100: =E100/12000 -> 0.0003225 | E100: 3.87 | G100: g
...

Sheet Autres
A1: Autres | B1: Fournisseurs | C1: Quantité | D1: Prix pièce | E1: Prix/gramme/cl | F1: P.U HT | G1: Prix total | H1: Unité
A2: ASSORTIMENT MINI WRAPS BKE 15G | B2: BRAKE | E2: =F2/15 -> 0.036666667 | F2: 0.55 | G2: =C2*F2 -> 0 | H2: g
A3: BUTTERNUT EN CUBE 20*20 BKE 2,5KG 2ST | B3: BRAKE | E3: =F3/2500 -> 0.001144 | F3: 2.86 | G3: =C3*F3 -> 0 | H3: g
A4: CAPRONS AUX VINAIGRE BT 4/4 | B4: BRAKE | E4: =F4/800 -> 0.004875 | F4: 3.9 | G4: =C4*F4 -> 0 | H4: g
A5: CAVIAR D'AUBERGINE MDG 470G | B5: BRAKE | E5: =F5/470 -> 0.013914894 | F5: 6.54 | G5: =C5*F5 -> 0 | H5: g
A6: CHILI CHEESE NUGGETS 1KG | B6: BRAKE | E6: =F6/1000 -> 0.0105 | F6: 10.5 | G6: =C6*F6 -> 0 | H6: g
A7: DESSUS PALETTE 2/3 5VBF | B7: DS Restauration | F7: 8.5 | G7: =C7*F7 -> 0
A8: Graisse de canard | G8: =C8*F8 -> 0
A9: OPERA EN BANDE BKE 750G | B9: BRAKE | E9: =F9/750 -> 0.014653333 | F9: 10.99 | G9: =C9*F9 -> 0 | H9: g
A10: POELEE MEDIT LEGUME GRILLEE BKE 2,5KG | B10: BRAKE | E10: =F10/2500 -> 0.0016 | F10: 4 | G10: =C10*F10 -> 0 | H10: g
A11: POELEE PIPERADE PIMENT ESP BKE 2,5KG 2ST | B11: BRAKE | E11: =F11/2500 -> 0.002 | F11: 5 | G11: =C11*F11 -> 0 | H11: g
A12: POELEE WOK BKE 2,5KG | B12: BRAKE | E12: =F12/2500 -> 0.0015 | F12: 3.75 | G12: =C12*F12 -> 0 | H12: g
A13: Polenta | G13: =C13*F13 -> 0
A14: RABAS BKE 65/117 ST 1KG | B14: BRAKE | E14: =F14/1000 -> 0.00867 | F14: 8.67 | G14: =C14*F14 -> 0 | H14: g
A15: RICOTTA 250G CASA AZZURRA | B15: AUMAND | E15: =F15/250 -> 0.00476 | F15: 1.19 | G15: =C15*F15 -> 0 | H15: g
A16: Risotto | G16: =C16*F16 -> 0
A17: SALADE FESTIVAL 10 FRUITS | B17: BRAKE | E17: =F17/3000 -> 0.0024666667 | F17: 7.4 | G17: =C17*F17 -> 0 | H17: g
A18: SUPREME DE PINTADE | B18: BRAKE | E18: =F18/190 -> 0.041578947 | F18: 7.9 | G18: =C18*F18 -> 0 | H18: g
A19: TERRINES AUX 3 LEGUMES | B19: BRAKE | E19: =F19/1500 -> 0.0039333333 | F19: 5.9 | G19: =C19*F19 -> 0 | H19: g
A20: TOMME GRISE AFFINNE MONTAGNE | B20: BRAKE | E20: =F20/2200 -> 0.0031772727 | F20: 6.99 | G20: =C20*F20 -> 0 | H20: g
A21: PDT 10 LAVEE FR (AGATA) | B21: ESTARELLAS | F21: 0.84 | G21: =C21*F21 -> 0
A22: PDT GT10 "MELODIE" (50+) | B22: ESTARELLAS | F22: 0.84 | G22: =C22*F22 -> 0
A23: SHIITAKE | B23: ESTARELLAS | F23: 9.5 | G23: =C23*F23 -> 0
A24: LINGUINE DE CECCO | B24: PROMOCASH | E24: =F24/3000 -> 0.0038766667 | F24: 11.63 | G24: =C24*F24 -> 0 | H24: g
A25: GELATINE OR FEUILLE | B25: PROMOCASH | E25: =F25/475 -> 0.045557895 | F25: 21.64 | G25: =C25*F25 -> 0 | H25: g
A26: CER. NOIX INVAL.BLC IMPORT | B26: PROMOCASH | E26: =F26/1000 -> 0.01333 | F26: 13.33 | G26: =C26*F26 -> 0 | H26: g
A27: SHISO MIX C1 HOLLAN | B27: PROMOCASH | E27: =F27/1280 -> 0.011640625 | F27: 14.9 | G27: =C27*F27 -> 0 | H27: g
A28: FEUILLES DE BRICK J.R | B28: PROMOCASH | D28: =F28/10 -> 0.104 | F28: 1.04 | G28: =C28*F28 -> 0 | H28: piece
A29: ENCRE SEICHE AROME | B29: PROMOCASH | E29: =F29/10 -> 0.495 | F29: 4.95 | G29: =C29*F29 -> 0 | H29: cl
A30: ECHALION CAT1 France | B30: PROMOCASH | E30: =F30/5000 -> 0.00158 | F30: 7.9 | G30: =C30*F30 -> 0 | H30: g
A31: PDT GRENAIL.CHARLOT.C1 FR | B31: PROMOCASH | E31: =F31/12500 -> 0.001292 | F31: 16.15 | G31: =C31*F31 -> 0 | H31: g
A32: PLEUROTE GRISE C1 POLOGNE | B32: PROMOCASH | E32: =F32/3000 -> 0.0057333333 | F32: 17.2 | G32: =C32*F32 -> 0 | H32: g
A33: PDT SAMBA EQR 60/75 C1 FR | B33: PROMOCASH | E33: =F33/12500 -> 0.0008768 | F33: 10.96 | G33: =C33*F33 -> 0 | H33: g
A34: RAMETTE N1 500F 70GR | B34: PROMOCASH | E34: =F34/70 -> 0.080142857 | F34: 5.61 | G34: =C34*F34 -> 0 | H34: g
A35: 1/2 GIROLLES CUISINE GR.CANAR | B35: PROMOCASH | F35: 6.5 | G35: =C35*F35 -> 0
A36: KG GRANA PADANO Italie E.CUISINE | B36: PROMOCASH | F36: 15.98 | G36: =C36*F36 -> 0
A37: FORCE NOIRE PISTOLES BARRY | B37: PROMOCASH | E37: =F37/5000 -> 0.006886 | F37: 34.43 | G37: =C37*F37 -> 0 | H37: g
A38: SPIGOL LE DRAPEAU | B38: PROMOCASH | E38: =F38/100 -> 0.3027 | F38: 30.27 | G38: =C38*F38 -> 0 | H38: g
A39: OURAGAN GRAISSE | B39: PROMOCASH | E39: =F39/50 -> 0.0964 | F39: 4.82 | G39: =C39*F39 -> 0 | H39: g
A40: COLORANT MENTHE SEBALCE | B40: PROMOCASH | E40: =F40/500 -> 0.01474 | F40: 7.37 | G40: =C40*F40 -> 0 | H40: cl
A41: PIGNONS PIN GRADE 650/750 | B41: PROMOCASH | E41: =F41/1000 -> 0.03661 | F41: 36.61 | G41: =C41*F41 -> 0 | H41: g
A42: LASAGNE ŒUF BARILLA | B42: PROMOCASH | E42: =F42/500 -> 0.0052 | F42: 2.6 | G42: =C42*F42 -> 0 | H42: g
A43: CANNELLONI ROND A FARCIR | B43: PROMOCASH | E43: =F43/250 -> 0.00716 | F43: 1.79 | G43: =C43*F43 -> 0 | H43: g
A44: BLANC SATIN CACAO BARRY | B44: PROMOCASH | E44: =F44/5000 -> 0.012732 | F44: 63.66 | G44: =C44*F44 -> 0 | H44: g
A45: BT 1K2 CUILLERS REST. ENCUISINE | B45: PROMOCASH | F45: 17.84
A46: MARSALA FINE PELLEG 17D | B46: PROMOCASH | E46: =F46/75 -> 0.10093333 | F46: 7.57 | H46: g
A47: PLAT LASAGNE 19*13*4 SFOOD BLC | B47: PROMOCASH | F47: 5.05
A48: RICOTTA | B48: PROMOCASH | E48: =F48/250 -> 0.00704 | F48: 1.76 | H48: g
A49: EXTRAIT VANILLE BOURBON SEB | B49: PROMOCASH | E49: =F49/100 -> 0.3069 | F49: 30.69 | H49: cl
A50: ESTERLIN BRUT SELECTION | B50: PROMOCASH | E50: =F50/75 -> 0.17426667 | F50: 13.07 | H50: g
A51: CACAO PLEIN AROME BARRY | B51: PROMOCASH | E51: =F51/1000 -> 0.01223 | F51: 12.23 | H51: g
A52: CARDAMONE VTE ENTIERE JDE | B52: PROMOCASH | E52: =F52/150 -> 0.060933333 | F52: 9.14 | H52: g
A53: OLIVES COCKTAIL MAROCAINE | B53: PROMOCASH | E53: =F53/2500 -> 0.003068 | F53: 7.67 | H53: g
A54: GRANA PADANO PETALE | B54: PROMOCASH | E54: =F54/500 -> 0.0201 | F54: 10.05 | H54: g
A55: PDT AGRIA 50+ 10K FR | B55: TERREAZUR | F55: 0.8
A56: SAL MELANG JP PROVENCE | B56: TERREAZUR | E56: =F56/1000 -> 0.0065 | F56: 6.5 | H56: g

Sheet Desserts
A1: Desserts | B1: Fournisseurs | C1: Quantité | D1: Prix/gramme | E1: P.U HT | F1: Prix total | G1: Unité
A2: Biscuit tiramisu | F2: =C2*E2 -> 0
A3: CONFITURE ASSORTIES POT VERRE | B3: BRAKE | D3: =E3/(30*60) -> 0.013694444 | E3: 24.65 | F3: =C3*E3 -> 0 | G3: g
A4: COULIS ABRICOT BOUT | B4: DS Restauration | D4: =E4/500 -> 0.00696 | E4: 3.48 | F4: =C4*E4 -> 0 | G4: g
A5: Coulis de fruits mangue-passion | F5: =C5*E5 -> 0
A6: COULIS EXOTIQUE BOUT | B6: DS Restauration | D6: =E6/500 -> 0.01104 | E6: 5.52 | F6: =C6*E6 -> 0 | G6: g
A7: COULIS EXTRA FRAMBOISE | B7: BRAKE | D7: =E7/500 -> 0.01292 | E7: 6.46 | F7: =C7*E7 -> 0 | G7: g
A8: COULIS EXTRA FRUITS ROUGES | B8: BRAKE | D8: =E8/500 -> 0.0104 | E8: 5.2 | F8: =C8*E8 -> 0 | G8: g
A9: COULIS EXTRA POIRE | B9: BRAKE | D9: =E9/500 -> 0.0079 | E9: 3.95 | F9: =C9*E9 -> 0 | G9: g
A10: COULIS FRAISE ROSE BOUT | B10: DS Restauration | D10: =E10/500 -> 0.00956 | E10: 4.78 | F10: =C10*E10 -> 0 | G10: g
A11: COULIS FRAMBOISE BOUT | B11: DS Restauration | D11: =E11/500 -> 0.01166 | E11: 5.83 | F11: =C11*E11 -> 0 | G11: g
A12: COULIS FRUITS EXOTIQUE | B12: BRAKE | D12: =E12/500 -> 0.0106 | E12: 5.3 | F12: =C12*E12 -> 0 | G12: g
A13: EXCELLENCE PIST. CACAO BARR | B13: PROMOCASH | D13: =E13/5000 -> 0.009298 | E13: 46.49 | F13: =C13*E13 -> 0 | G13: g
A14: FLAN PATISSIER BKE | B14: BRAKE | D14: =E14/1800 -> 0.0039444444 | E14: 7.1 | F14: =C14*E14 -> 0 | G14: g
A15: FOND TARTELETTE CUIT ROND | B15: BRAKE | E15: 0.75 | F15: =C15*E15 -> 0
A16: MIEL ACACIA DE France MEL | B16: PROMOCASH | D16: =E16/500 -> 0.01486 | E16: 7.43 | F16: =C16*E16 -> 0 | G16: g
A17: MINI CROISS BEUR AOP PAC LUNCH | B17: BRAKE | E17: 58 | F17: =C17*E17 -> 0
A18: MINI PAIN CHOC BEUR AOP | B18: BRAKE | E18: 65 | F18: =C18*E18 -> 0
A19: PAIN FRUITS "RECETTE LENOTRE" | B19: BRAKE | E19: 37.41 | F19: =C19*E19 -> 0
A20: Praliné | F20: =C20*E20 -> 0
A21: PRALINE AMAN/NOIS. BARRY | B21: PROMOCASH | D21: =E21/1000 -> 0.01476 | E21: 14.76 | F21: =C21*E21 -> 0 | G21: g
A22: PUREE ABRICOT SUC BLC PELLORCE | B22: EPISAVEUR | D22: =E22/6000 -> 0.00083666667 | E22: 5.02 | F22: =C22*E22 -> 0 | G22: g
A23: PUREE CASSIS SUC BLC PELLORCE | B23: EPISAVEUR | D23: =E23/6000 -> 0.0012393333 | E23: 7.436 | F23: =C23*E23 -> 0 | G23: g
A24: PUREE DE FRAISE FRUITS DELICE | B24: PROMOCASH | D24: =E24/1000 -> 0.00835 | E24: 8.35 | F24: =C24*E24 -> 0 | G24: g
A25: PUREE DE FRAISE SUCR | B25: DS Restauration | D25: =E25/1000 -> 0.00613 | E25: 6.13 | F25: =C25*E25 -> 0 | G25: g
A26: PUREE DE FRAMBOISE | B26: DS Restauration | D26: =E26/1000 -> 0.00818 | E26: 8.18 | F26: =C26*E26 -> 0 | G26: g
A27: PUREE FRAISE SUC BLC PELLORCE | B27: EPISAVEUR | D27: =E27/6000 -> 0.00097216667 | E27: 5.833 | F27: =C27*E27 -> 0 | G27: g
A28: PUREE FRAMBOISE SUC BLC PELLORCE | B28: EPISAVEUR | D28: =E28/6000 -> 0.0015138333 | E28: 9.083 | F28: =C28*E28 -> 0 | G28: g
A29: PUREE MANGUE FRUITS DELICE | B29: PROMOCASH | D29: =E29/1000 -> 0.00829 | E29: 8.29 | F29: =C29*E29 -> 0 | G29: g
A30: PUREE MANGUE SUC BLC PELLORCE | B30: EPISAVEUR | D30: =E30/6000 -> 0.001411 | E30: 8.466 | F30: =C30*E30 -> 0 | G30: g
A31: PUREE PASSION FRUITS DELICE | B31: PROMOCASH | D31: =E31/1000 -> 0.00824 | E31: 8.24 | F31: =C31*E31 -> 0 | G31: g
A32: PUREE PASSION SUC BLC PELLORCE | B32: EPISAVEUR | D32: =E32/6000 -> 0.0019301667 | E32: 11.581 | F32: =C32*E32 -> 0 | G32: g
A33: PUREE POIRE SUC BLC PELLORCE | B33: EPISAVEUR | D33: =E33/6000 -> 0.00076183333 | E33: 4.571 | F33: =C33*E33 -> 0 | G33: g
A34: SUCETTE FOIE G CHUTNEY POIRE | B34: BRAKE | E34: 0.75 | F34: =C34*E34 -> 0 | G34: g
A35: TARTE POMMES ET NOIX | B35: BRAKE | D35: =E35/1100 -> 0.0060454545 | E35: 6.65 | F35: =C35*E35 -> 0 | G35: g

Sheet Traiteur

Sheet Recettes
A1: L'ensemble des nombres sont arrondis a 3 chiffres après la virgule
A3: Economat | B3: P.U HT | C3: P.U TTC | D3: Fournisseur | E3: Prix/g/cl | F3: Prix/piece | G3: Quantité (en g et par piece) | H3: Prix portion | I3: Prix 10 portions
A4: 5KG PATES SPHAGETTIS PASTA PRO | B4: =IF(A4="","",VLOOKUP(A4,Economat!$A$2:$F$118,6,FALSE)) -> #N/A | C4: =IF(B4="","",B4*1.055) -> #N/A | D4: =IF(A4="","",VLOOKUP(A4,Economat!$A$2:$F$118,2,FALSE)) -> #N/A | E4: =IF(A4="","",VLOOKUP(A4,Economat!$A$2:$F$118,5,FALSE)) -> #N/A | G4: 250 | H4: =IF(E4="","",E4*G4) -> #N/A | I4: =IF(H4="","",H4*10) -> #N/A
A5: 1KG GROS SEL DE MER | B5: =IF(A5="","",VLOOKUP(A5,Economat!$A$2:$F$118,6,FALSE)) -> #N/A | C5: =IF(B5="","",B5*1.055) -> #N/A | D5: =IF(A5="","",VLOOKUP(A5,Economat!$A$2:$F$118,2,FALSE)) -> #N/A | E5: =IF(A5="","",VLOOKUP(A5,Economat!$A$2:$F$118,5,FALSE)) -> #N/A | H5: =IF(E5="","",E5*G5) -> #N/A | I5: =IF(H5="","",H5*10) -> #N/A
A6: 100*12G STICK KETCHUP SAXO | B6: =IF(A6="","",VLOOKUP(A6,Economat!$A$2:$F$118,6,FALSE)) -> #N/A | C6: =IF(B6="","",B6*1.055) -> #N/A | D6: =IF(A6="","",VLOOKUP(A6,Economat!$A$2:$F$118,2,FALSE)) -> #N/A | E6: =IF(A6="","",VLOOKUP(A6,Economat!$A$2:$F$118,5,FALSE)) -> #N/A | G6: 1 | H6: =IF(E6="","",E6*G6) -> #N/A | I6: =IF(H6="","",H6*10) -> #N/A
A7: SACHET 100G MENTHE EQR MARCO | B7: =IF(A7="","",VLOOKUP(A7,Economat!$A$2:$F$118,6,FALSE)) -> #N/A | C7: =IF(B7="","",B7*1.055) -> #N/A | D7: =IF(A7="","",VLOOKUP(A7,Economat!$A$2:$F$118,2,FALSE)) -> #N/A | E7: =IF(A7="","",VLOOKUP(A7,Economat!$A$2:$F$118,5,FALSE)) -> #N/A | H7: =IF(E7="","",E7*G7) -> #N/A | I7: =IF(H7="","",H7*10) -> #N/A
B8: =IF(A8="","",VLOOKUP(A8,Economat!$A$2:$F$118,6,FALSE)) | C8: =IF(B8="","",B8*1.055) | D8: =IF(A8="","",VLOOKUP(A8,Economat!$A$2:$F$118,2,FALSE)) | E8: =IF(A8="","",VLOOKUP(A8,Economat!$A$2:$F$118,5,FALSE)) | H8: =IF(E8="","",E8*G8) | I8: =IF(H8="","",H8*10)
A11: Fruits & Légumes | B11: P.U HT | C11: P.U TTC | D11: Fournisseur | E11: Prix/g/cl | F11: Prix/piece | G11: Quantité (en g et par piece) | H11: Prix portion | I11: Prix 10 portions
A12: 1KG CONFIT OIGNONS ID FRUITS | B12: =IF(A12="","",VLOOKUP(A12,'Fruits & Légumes'!$A$2:$G$184,7,FALSE)) -> #N/A | C12: =IF(B12="","",B12*1.055) -> #N/A | D12: =IF(A12="","",VLOOKUP(A12,'Fruits & Légumes'!$A$2:$G$184,2,FALSE)) -> #N/A | E12: =IF(A12="","",VLOOKUP(A12,'Fruits & Légumes'!$A$2:$G$184,6,FALSE)) -> #N/A | H12: =IF(A12="","",E12*G12) -> #N/A | I12: =IF(H12="","",H12*10) -> #N/A
A13: MESCLUN 250G | B13: =IF(A13="","",VLOOKUP(A13,'Fruits & Légumes'!$A$2:$G$184,7,FALSE)) -> #N/A | C13: =IF(B13="","",B13*1.055) -> #N/A | D13: =IF(A13="","",VLOOKUP(A13,'Fruits & Légumes'!$A$2:$G$184,2,FALSE)) -> #N/A | E13: =IF(A13="","",VLOOKUP(A13,'Fruits & Légumes'!$A$2:$G$184,6,FALSE)) -> #N/A | H13: =IF(A13="","",E13*G13) -> #N/A | I13: =IF(H13="","",H13*10) -> #N/A
A14: 1KG CONFIT OIGNONS ID FRUITS | B14: =IF(A14="","",VLOOKUP(A14,'Fruits & Légumes'!$A$2:$G$184,7,FALSE)) -> #N/A | C14: =IF(B14="","",B14*1.055) -> #N/A | D14: =IF(A14="","",VLOOKUP(A14,'Fruits & Légumes'!$A$2:$G$184,2,FALSE)) -> #N/A | E14: =IF(A14="","",VLOOKUP(A14,'Fruits & Légumes'!$A$2:$G$184,6,FALSE)) -> #N/A | H14: =IF(A14="","",E14*G14) -> #N/A | I14: =IF(H14="","",H14*10) -> #N/A
B15: =IF(A15="","",VLOOKUP(A15,'Fruits & Légumes'!$A$2:$G$184,7,FALSE)) | C15: =IF(B15="","",B15*1.055) | D15: =IF(A15="","",VLOOKUP(A15,'Fruits & Légumes'!$A$2:$G$184,2,FALSE)) | E15: =IF(A15="","",VLOOKUP(A15,'Fruits & Légumes'!$A$2:$G$184,6,FALSE)) | H15: =IF(A15="","",E15*G15) | I15: =IF(H15="","",H15*10)
B16: =IF(A16="","",VLOOKUP(A16,'Fruits & Légumes'!$A$2:$G$184,7,FALSE)) | C16: =IF(B16="","",B16*1.055) | D16: =IF(A16="","",VLOOKUP(A16,'Fruits & Légumes'!$A$2:$G$184,2,FALSE)) | E16: =IF(A16="","",VLOOKUP(A16,'Fruits & Légumes'!$A$2:$G$184,6,FALSE)) | H16: =IF(A16="","",E16*G16) | I16: =IF(H16="","",H16*10)
B17: =IF(A17="","",VLOOKUP(A17,'Fruits & Légumes'!$A$2:$G$184,7,FALSE)) | C17: =IF(B17="","",B17*1.055) | D17: =IF(A17="","",VLOOKUP(A17,'Fruits & Légumes'!$A$2:$G$184,2,FALSE)) | E17: =IF(A17="","",VLOOKUP(A17,'Fruits & Légumes'!$A$2:$G$184,6,FALSE)) | H17: =IF(A17="","",E17*G17) | I17: =IF(H17="","",H17*10)
A19: Desserts | B19: P.U HT | C19: P.U TTC | D19: Fournisseur | E19: Prix/g/cl | F19: Prix/piece | G19: Quantité (en g et par piece) | H19: Prix portion | I19: Prix 10 portions
A20: FLAN PATISSIER BKE 1,8KG 3PC | B20: =IF(A20="","",VLOOKUP(A20,Desserts!$A$2:$F$53,6,FALSE)) -> #N/A | C20: =IF(B20="","",B20*1.055) -> #N/A | D20: =IF(A20="","",VLOOKUP(A20,Desserts!$A$2:$F$53,2,FALSE)) -> #N/A | E20: =IF(A20="","",VLOOKUP(A20,Desserts!$A$2:$F$53,5,FALSE)) -> #N/A | H20: =IF(A20="","",E20*G20) -> #N/A | I20: =IF(H20="","",H20*10) -> #N/A
A21: 1KG PUREE PASSION FRUITS DELICE | B21: =IF(A21="","",VLOOKUP(A21,Desserts!$A$2:$F$53,6,FALSE)) -> #N/A | C21: =IF(B21="","",B21*1.055) -> #N/A | D21: =IF(A21="","",VLOOKUP(A21,Desserts!$A$2:$F$53,2,FALSE)) -> #N/A | E21: =IF(A21="","",VLOOKUP(A21,Desserts!$A$2:$F$53,5,FALSE)) -> #N/A | H21: =IF(A21="","",E21*G21) -> #N/A | I21: =IF(H21="","",H21*10) -> #N/A
B22: =IF(A22="","",VLOOKUP(A22,Desserts!$A$2:$F$53,6,FALSE)) | C22: =IF(B22="","",B22*1.055) | D22: =IF(A22="","",VLOOKUP(A22,Desserts!$A$2:$F$53,2,FALSE)) | E22: =IF(A22="","",VLOOKUP(A22,Desserts!$A$2:$F$53,5,FALSE)) | H22: =IF(A22="","",E22*G22) | I22: =IF(H22="","",H22*10)
E23: =IF(A23="","",VLOOKUP(A23,Desserts!$A$2:$F$53,5,FALSE))
A24: BOF | B24: P.U HT | C24: P.U TTC | D24: Fournisseur | E24: Prix/g/cl | F24: Prix/piece | G24: Quantité (en g et par piece) | H24: Prix portion | I24: Prix 10 portions
A25: CREAM CHEESE 25,5% 1K E&V | B25: =IF(A25="","",VLOOKUP(A25,BOF!$A$2:$G$99,7,FALSE)) -> #N/A | C25: =IF(B25="","",B25*1.055) -> #N/A | D25: =IF(A25="","",VLOOKUP(A25,BOF!$A$2:$G$99,2,FALSE)) -> #N/A | E25: =IF(A25="","",VLOOKUP(A25,BOF!$A$2:$G$99,6,FALSE)) -> #N/A | F25: =IF(A25="","",VLOOKUP(A25,BOF!$A$2:$G$99,5,FALSE)) -> #N/A | H25: =IF(A25="","",IF(F25=0,E25*G25,F25*G25)) -> #N/A | I25: =IF(H25="","",H25*10) -> #N/A
B26: =IF(A26="","",VLOOKUP(A26,BOF!$A$2:$G$99,7,FALSE)) | C26: =IF(B26="","",B26*1.055) | D26: =IF(A26="","",VLOOKUP(A26,BOF!$A$2:$G$99,2,FALSE)) | E26: =IF(A26="","",VLOOKUP(A26,BOF!$A$2:$G$99,6,FALSE)) | F26: =IF(A26="","",VLOOKUP(A26,BOF!$A$2:$G$99,5,FALSE)) | H26: =IF(A26="","",IF(F26=0,E26*G26,F26*G26)) | I26: =IF(H26="","",H26*10)
A27: 30 ŒUF 53/63G CALIBRE MOYEN | B27: =IF(A27="","",VLOOKUP(A27,BOF!$A$2:$G$99,7,FALSE)) -> #N/A | C27: =IF(B27="","",B27*1.055) -> #N/A | D27: =IF(A27="","",VLOOKUP(A27,BOF!$A$2:$G$99,2,FALSE)) -> #N/A | E27: =IF(A27="","",VLOOKUP(A27,BOF!$A$2:$G$99,6,FALSE)) -> #N/A | F27: =IF(A27="","",VLOOKUP(A27,BOF!$A$2:$G$99,5,FALSE)) -> #N/A | H27: =IF(A27="","",IF(F27=0,E27*G27,F27*G27)) -> #N/A | I27: =IF(H27="","",H27*10) -> #N/A
B28: =IF(A28="","",VLOOKUP(A28,BOF!$A$2:$G$99,7,FALSE)) | C28: =IF(B28="","",B28*1.055) | D28: =IF(A28="","",VLOOKUP(A28,BOF!$A$2:$G$99,2,FALSE)) | E28: =IF(A28="","",VLOOKUP(A28,BOF!$A$2:$G$99,6,FALSE)) | F28: =IF(A28="","",VLOOKUP(A28,BOF!$A$2:$G$99,5,FALSE)) | H28: =IF(A28="","",IF(F28=0,E28*G28,F28*G28)) | I28: =IF(H28="","",H28*10)
A30: Boucherie | B30: P.U HT | C30: P.U TTC | D30: Fournisseur | E30: Prix/g/cl | F30: Prix/piece | G30: Quantité (en g et par piece) | H30: Prix portion | I30: Prix 10 portions
C31: =IF(B31="","",B31*1.055)
C32: =IF(B32="","",B32*1.055)
C33: =IF(B33="","",B33*1.055)
C34: =IF(B34="","",B34*1.055)
A36: Poissons | B36: P.U HT | C36: P.U TTC | D36: Fournisseur | E36: Prix/g/cl | F36: Prix/piece | G36: Quantité (en g et par piece) | H36: Prix portion | I36: Prix 10 portions
A37: KG FIL.SAUMON 1K2+NORVEGE *2 | B37: =IF(A37="","",VLOOKUP(A37,Poisonnerie!$A$2:$F$89,6,FALSE)) -> #N/A | C37: =IF(B37="","",B37*1.055) -> #N/A | D37: =IF(A37="","",VLOOKUP(A37,Poisonnerie!$A$2:$F$89,2,FALSE)) -> #N/A | E37: =IF(A37="","",VLOOKUP(A37,Poisonnerie!$A$2:$F$89,5,FALSE)) -> #N/A | H37: =IF(A37="","",E37*G37) -> #N/A | I37: =IF(H37="","",H37*10) -> #N/A
B38: =IF(A38="","",VLOOKUP(A38,Poisonnerie!$A$2:$F$89,6,FALSE)) | C38: =IF(B38="","",B38*1.055) | D38: =IF(A38="","",VLOOKUP(A38,Poisonnerie!$A$2:$F$89,2,FALSE)) | E38: =IF(A38="","",VLOOKUP(A38,Poisonnerie!$A$2:$F$89,5,FALSE)) | H38: =IF(A38="","",E38*G38) | I38: =IF(H38="","",H38*10)
B39: =IF(A39="","",VLOOKUP(A39,Poisonnerie!$A$2:$F$89,6,FALSE)) | C39: =IF(B39="","",B39*1.055) | D39: =IF(A39="","",VLOOKUP(A39,Poisonnerie!$A$2:$F$89,2,FALSE)) | E39: =IF(A39="","",VLOOKUP(A39,Poisonnerie!$A$2:$F$89,5,FALSE)) | H39: =IF(A39="","",E39*G39) | I39: =IF(H39="","",H39*10)
B40: =IF(A40="","",VLOOKUP(A40,Poisonnerie!$A$2:$F$89,6,FALSE)) | C40: =IF(B40="","",B40*1.055) | D40: =IF(A40="","",VLOOKUP(A40,Poisonnerie!$A$2:$F$89,2,FALSE)) | E40: =IF(A40="","",VLOOKUP(A40,Poisonnerie!$A$2:$F$89,5,FALSE)) | H40: =IF(A40="","",E40*G40) | I40: =IF(H40="","",H40*10)
A42: Autres | B42: P.U HT | C42: P.U TTC | D42: Fournisseur | E42: Prix/g/cl | F42: Prix/piece | G42: Quantité (en g et par piece) | H42: Prix portion | I42: Prix 10 portions
A43: 170G 10 FEUILLES DE BRICK J.R | B43: =IF(A43="","",VLOOKUP(A43,Autres!$A$2:$G$100,7,FALSE)) -> #N/A | C43: =IF(B43="","",B43*1.055) -> #N/A | D43: =IF(A43="","",VLOOKUP(A43,Autres!$A$2:$G$100,2,FALSE)) -> #N/A | E43: =IF(A43="","",VLOOKUP(A43,Autres!$A$2:$G$100,6,FALSE)) -> #N/A | F43: =IF(A43="","",VLOOKUP(A43,Autres!$A$2:$G$100,5,FALSE)) -> #N/A | H43: =IF(A43="","",IF(F43=0,E43*G43,F43*G43)) -> #N/A | I43: =IF(H43="","",H43*10) -> #N/A
B44: =IF(A44="","",VLOOKUP(A44,Autres!$A$2:$G$100,7,FALSE)) | C44: =IF(B44="","",B44*1.055) | D44: =IF(A44="","",VLOOKUP(A44,Autres!$A$2:$G$100,2,FALSE)) | E44: =IF(A44="","",VLOOKUP(A44,Autres!$A$2:$G$100,6,FALSE)) | F44: =IF(A44="","",VLOOKUP(A44,Autres!$A$2:$G$100,5,FALSE)) | H44: =IF(A44="","",IF(F44=0,E44*G44,F44*G44)) | I44: =IF(H44="","",H44*10)
A45: 5KG FORCE NOIRE PISTOLES BARRY | B45: =IF(A45="","",VLOOKUP(A45,Autres!$A$2:$G$100,7,FALSE)) -> #N/A | C45: =IF(B45="","",B45*1.055) -> #N/A | D45: =IF(A45="","",VLOOKUP(A45,Autres!$A$2:$G$100,2,FALSE)) -> #N/A | E45: =IF(A45="","",VLOOKUP(A45,Autres!$A$2:$G$100,6,FALSE)) -> #N/A | F45: =IF(A45="","",VLOOKUP(A45,Autres!$A$2:$G$100,5,FALSE)) -> #N/A | H45: =IF(A45="","",IF(F45=0,E45*G45,F45*G45)) -> #N/A | I45: =IF(H45="","",H45*10) -> #N/A
B46: =IF(A46="","",VLOOKUP(A46,Autres!$A$2:$G$100,7,FALSE)) | C46: =IF(B46="","",B46*1.055) | D46: =IF(A46="","",VLOOKUP(A46,Autres!$A$2:$G$100,2,FALSE)) | E46: =IF(A46="","",VLOOKUP(A46,Autres!$A$2:$G$100,6,FALSE)) | F46: =IF(A46="","",VLOOKUP(A46,Autres!$A$2:$G$100,5,FALSE)) | H46: =IF(A46="","",IF(F46=0,E46*G46,F46*G46)) | I46: =IF(H46="","",H46*10)
A48: Traiteur | B48: P.U HT | C48: P.U TTC | D48: Fournisseur | E48: Prix/g/cl | F48: Prix/piece | G48: Quantité (en g et par piece) | H48: Prix portion | I48: Prix 10 portions
C49: =IF(B49="","",B49*1.055)
C50: =IF(B50="","",B50*1.055)
C51: =IF(B51="","",B51*1.055)
C52: =IF(B52="","",B52*1.055)
B55: TOTAL Prix HT | C55: TOTAL Prix TTC | E55: TOTAL Prix/g/cl | F55: TOTAL Prix/piece | H55: TOTAL Prix portion | I55: TOTAL Prix 10 portions | J55: Coeff | K55: Prix de revente minimum d'1 plat
A56: TOTAL | J56: 5 | K56: =H56*J56 -> 0
C62: =+IF(A62="","",VLOOKUP(A62,'Fruits & Légumes'!A2:G184,7,FALSE))

Sheet Fiche technique
G3: Date création | I3: pour | J3: Type | K3: Auteur
I4: 10
I5: cts
H10: Photographie
A12: Apport nutritionnel: | B12: Coût matières total HT | E12: =K59 -> 0
B13: Coeff multiplicateur | E13: 5 | O13: SI(B22<>"";DECALER(f_poisson;EQUIV(B33&"*";f_poisson;0)-1;;NB.SI(f_poisson;B22&"*");1);f_poisson)
B14: Prix de vente / Portion HT | E14: =E12*E13/I4 -> 0
A15: TECHNIQUES | D15: DENRÉES | I15: valorisation | O15: SI(B27<>"";DECALER(f_bof;EQUIV(B27&"*";f_bof;0)-1;;NB.SI(f_bof;B27&"*");1);f_bof)
B16: NATURE | C16: U | D16: 1 | E16: 2 | F16: 3 | G16: 4 | H16: 5 | I16: Total | J16: PUHT | K16: PTHT
B17: Boucherie
C18: =IF(B18="","",VLOOKUP(B18,Boucherie!$A$2:$H$130,8,FALSE)) | I18: =IF(B18="","",H18+G18+F18+E18+D18) | J18: =IF(B18="","",VLOOKUP(B18,Boucherie!$A$2:$G$130,5,FALSE)) | K18: =IF(B18="","",+J18*I18)
C19: =IF(B19="","",VLOOKUP(B19,Boucherie!$A$2:$H$130,8,FALSE)) | I19: =IF(B19="","",H19+G19+F19+E19+D19) | J19: =IF(B19="","",VLOOKUP(B19,Boucherie!$A$2:$G$130,5,FALSE)) | K19: =IF(B19="","",+J19*I19)
C20: =IF(B20="","",VLOOKUP(B20,Boucherie!$A$2:$H$130,8,FALSE)) | I20: =IF(B20="","",H20+G20+F20+E20+D20) | J20: =IF(B20="","",VLOOKUP(B20,Boucherie!$A$2:$G$130,5,FALSE)) | K20: =IF(B20="","",+J20*I20)
B21: Poissonnerie
C22: =IF(B22="","",VLOOKUP(B22,Poisonnerie!$A$2:$G$89,7,FALSE)) | I22: =IF(B22="","",H22+G22+F22+E22+D22) | J22: =IF(B22="","",VLOOKUP(B22,Poisonnerie!$A$2:$F$89,4,FALSE)) | K22: =IF(B22="","",+J22*I22)
C23: =IF(B23="","",VLOOKUP(B23,Poisonnerie!$A$2:$G$89,7,FALSE)) | I23: =IF(B23="","",H23+G23+F23+E23+D23) | J23: =IF(B23="","",VLOOKUP(B23,Poisonnerie!$A$2:$F$89,4,FALSE)) | K23: =IF(B23="","",+J23*I23)
C24: =IF(B24="","",VLOOKUP(B24,Poisonnerie!$A$2:$G$89,7,FALSE)) | I24: =IF(B24="","",H24+G24+F24+E24+D24) | J24: =IF(B24="","",VLOOKUP(B24,Poisonnerie!$A$2:$F$89,4,FALSE)) | K24: =IF(B24="","",+J24*I24)
C25: =IF(B25="","",VLOOKUP(B25,Poisonnerie!$A$2:$G$89,7,FALSE)) | I25: =IF(B25="","",H25+G25+F25+E25+D25) | J25: =IF(B25="","",VLOOKUP(B25,Poisonnerie!$A$2:$F$89,4,FALSE)) | K25: =IF(B25="","",+J25*I25)
B26: B.O.F
C27: =IF(B27="","",VLOOKUP(B27,BOF!$A$2:$H$99,8,FALSE)) | I27: =IF(B27="","",H27+G27+F27+E27+D27) | J27: =IF(B27="","",VLOOKUP(B27,BOF!$A$2:$G$99,5,FALSE)) | K27: =IF(B27="","",+J27*I27)
C28: =IF(B28="","",VLOOKUP(B28,BOF!$A$2:$H$99,8,FALSE)) | I28: =IF(B28="","",H28+G28+F28+E28+D28) | J28: =IF(B28="","",VLOOKUP(B28,BOF!$A$2:$G$99,5,FALSE)) | K28: =IF(B28="","",+J28*I28)
C29: =IF(B29="","",VLOOKUP(B29,BOF!$A$2:$H$99,8,FALSE)) | I29: =IF(B29="","",H29+G29+F29+E29+D29) | J29: =IF(B29="","",VLOOKUP(B29,BOF!$A$2:$G$99,5,FALSE)) | K29: =IF(B29="","",+J29*I29)
C30: =IF(B30="","",VLOOKUP(B30,BOF!$A$2:$H$99,8,FALSE)) | I30: =IF(B30="","",H30+G30+F30+E30+D30) | J30: =IF(B30="","",VLOOKUP(B30,BOF!$A$2:$G$99,5,FALSE)) | K30: =IF(B30="","",+J30*I30)
C31: =IF(B31="","",VLOOKUP(B31,BOF!$A$2:$H$99,8,FALSE)) | I31: =IF(B31="","",H31+G31+F31+E31+D31) | J31: =IF(B31="","",VLOOKUP(B31,BOF!$A$2:$G$99,5,FALSE)) | K31: =IF(B31="","",+J31*I31)
B32: Fruits Légumes
C33: =IF(B33="","",VLOOKUP(B33,'Fruits & Légumes'!$A$2:$H$184,8,FALSE)) | I33: =IF(B33="","",H33+G33+F33+E33+D33) | J33: =IF(B33="","",VLOOKUP(B33,'Fruits & Légumes'!$A$2:$G$184,5,FALSE)) | K33: =IF(B33="","",+J33*I33)
C34: =IF(B34="","",VLOOKUP(B34,'Fruits & Légumes'!$A$2:$H$184,8,FALSE)) | I34: =IF(B34="","",H34+G34+F34+E34+D34) | J34: =IF(B34="","",VLOOKUP(B34,'Fruits & Légumes'!$A$2:$G$184,5,FALSE)) | K34: =IF(B34="","",+J34*I34)
C35: =IF(B35="","",VLOOKUP(B35,'Fruits & Légumes'!$A$2:$H$184,8,FALSE)) | I35: =IF(B35="","",H35+G35+F35+E35+D35) | J35: =IF(B35="","",VLOOKUP(B35,'Fruits & Légumes'!$A$2:$G$184,5,FALSE)) | K35: =IF(B35="","",+J35*I35)
C36: =IF(B36="","",VLOOKUP(B36,'Fruits & Légumes'!$A$2:$H$184,8,FALSE)) | I36: =IF(B36="","",H36+G36+F36+E36+D36) | J36: =IF(B36="","",VLOOKUP(B36,'Fruits & Légumes'!$A$2:$G$184,5,FALSE)) | K36: =IF(B36="","",+J36*I36)
C37: =IF(B37="","",VLOOKUP(B37,'Fruits & Légumes'!$A$2:$H$184,8,FALSE)) | I37: =IF(B37="","",H37+G37+F37+E37+D37) | J37: =IF(B37="","",VLOOKUP(B37,'Fruits & Légumes'!$A$2:$G$184,5,FALSE)) | K37: =IF(B37="","",+J37*I37)
C38: =IF(B38="","",VLOOKUP(B38,'Fruits & Légumes'!$A$2:$H$184,8,FALSE)) | I38: =IF(B38="","",H38+G38+F38+E38+D38) | J38: =IF(B38="","",VLOOKUP(B38,'Fruits & Légumes'!$A$2:$G$184,5,FALSE)) | K38: =IF(B38="","",+J38*I38)
C39: =IF(B39="","",VLOOKUP(B39,'Fruits & Légumes'!$A$2:$H$184,8,FALSE)) | I39: =IF(B39="","",H39+G39+F39+E39+D39) | J39: =IF(B39="","",VLOOKUP(B39,'Fruits & Légumes'!$A$2:$G$184,5,FALSE)) | K39: =IF(B39="","",+J39*I39)
C40: =IF(B40="","",VLOOKUP(B40,'Fruits & Légumes'!$A$2:$H$184,8,FALSE)) | I40: =IF(B40="","",H40+G40+F40+E40+D40) | J40: =IF(B40="","",VLOOKUP(B40,'Fruits & Légumes'!$A$2:$G$184,5,FALSE)) | K40: =IF(B40="","",+J40*I40)
C41: =IF(B41="","",VLOOKUP(B41,'Fruits & Légumes'!$A$2:$H$184,8,FALSE)) | I41: =IF(B41="","",H41+G41+F41+E41+D41) | J41: =IF(B41="","",VLOOKUP(B41,'Fruits & Légumes'!$A$2:$G$184,5,FALSE)) | K41: =IF(B41="","",+J41*I41)
C42: =IF(B42="","",VLOOKUP(B42,'Fruits & Légumes'!$A$2:$H$184,8,FALSE)) | I42: =IF(B42="","",H42+G42+F42+E42+D42) | J42: =IF(B42="","",VLOOKUP(B42,'Fruits & Légumes'!$A$2:$G$184,5,FALSE)) | K42: =IF(B42="","",+J42*I42)
B43: Économat
C44: =IF(B44="","",VLOOKUP(B44,Economat!$A$2:$G$118,7,FALSE)) | I44: =IF(B44="","",H44+G44+F44+E44+D44) | J44: =IF(B44="","",VLOOKUP(B44,Economat!$A$2:$F$118,4,FALSE)) | K44: =IF(B44="","",+J44*I44)
C45: =IF(B45="","",VLOOKUP(B45,Economat!$A$2:$G$118,7,FALSE)) | I45: =IF(B45="","",H45+G45+F45+E45+D45) | J45: =IF(B45="","",VLOOKUP(B45,Economat!$A$2:$F$118,4,FALSE)) | K45: =IF(B45="","",+J45*I45)
C46: =IF(B46="","",VLOOKUP(B46,Economat!$A$2:$G$118,7,FALSE)) | I46: =IF(B46="","",H46+G46+F46+E46+D46) | J46: =IF(B46="","",VLOOKUP(B46,Economat!$A$2:$F$118,4,FALSE)) | K46: =IF(B46="","",+J46*I46)
C47: =IF(B47="","",VLOOKUP(B47,Economat!$A$2:$G$118,7,FALSE)) | I47: =IF(B47="","",H47+G47+F47+E47+D47) | J47: =IF(B47="","",VLOOKUP(B47,Economat!$A$2:$F$118,4,FALSE)) | K47: =IF(B47="","",+J47*I47)
C48: =IF(B48="","",VLOOKUP(B48,Economat!$A$2:$G$118,7,FALSE)) | I48: =IF(B48="","",H48+G48+F48+E48+D48) | J48: =IF(B48="","",VLOOKUP(B48,Economat!$A$2:$F$118,4,FALSE)) | K48: =IF(B48="","",+J48*I48)
B49: Autres
C50: =IF(B50="","",VLOOKUP(B50,Autres!$A$2:$H$100,8,FALSE)) | I50: =IF(B50="","",H50+G50+F50+E50+D50) | J50: =IF(B50="","",VLOOKUP(B50,Autres!$A$2:$G$100,5,FALSE)) | K50: =IF(B50="","",+J50*I50)
C51: =IF(B51="","",VLOOKUP(B51,Autres!$A$2:$H$100,8,FALSE)) | I51: =IF(B51="","",H51+G51+F51+E51+D51) | J51: =IF(B51="","",VLOOKUP(B51,Autres!$A$2:$G$100,5,FALSE)) | K51: =IF(B51="","",+J51*I51)
C52: =IF(B52="","",VLOOKUP(B52,Autres!$A$2:$H$100,8,FALSE)) | I52: =IF(B52="","",H52+G52+F52+E52+D52) | J52: =IF(B52="","",VLOOKUP(B52,Autres!$A$2:$G$100,5,FALSE)) | K52: =IF(B52="","",+J52*I52)
B53: Desserts
I54: =IF(B54="","",H54+G54+F54+E54+D54) | J54: =IF(B54="","",VLOOKUP(B54,Desserts!$A$1:$G$53,4,FALSE)) | K54: =IF(B54="","",+J54*I54)
I55: =IF(B55="","",H55+G55+F55+E55+D55) | J55: =IF(B55="","",VLOOKUP(B55,Desserts!$A$1:$G$53,4,FALSE)) | K55: =IF(B55="","",+J55*I55)
I56: =IF(B56="","",H56+G56+F56+E56+D56) | J56: =IF(B56="","",VLOOKUP(B56,Desserts!$A$1:$G$53,4,FALSE)) | K56: =IF(B56="","",+J56*I56)
G57: Total denrées: | K57: =SUM(K17:K56) -> 0
G58: Assaisonnement 2%: | K58: =SUM(K57)*0.02 -> 0
G59: Coût matières total: | K59: =SUM(K57:K58) -> 0
G60: Coeff | K60: 5
G61: Prix de revente minimum | K61: =K59*K60 -> 0

Sheet Annexe
A1: Quantité
A3: =1 -> 1
A4: =A3+1 -> 2
A5: =A4+1 -> 3
A6: =A5+1 -> 4
A7: =A6+1 -> 5
A8: =A7+1 -> 6
A9: =A8+1 -> 7
A10: =A9+1 -> 8
A11: =A10+1 -> 9
A12: =A11+1 -> 10
A13: =A12+1 -> 11
A14: =A13+1 -> 12
A15: =A14+1 -> 13
... A1502: =A1501+1 -> 1500
